Workbook

Sheet Indice
A2: N | B2: Indicadores demográficos | C2: Desagregación requerida | D2: Fuente
A3: 1 | B3: Población total | C3: Nacional y región de planificación | D3: Estimaciones y Proyecciones de Población, INEC-CCP;
A4: 1a | B4: Estructura por sexo y edad | C4: Nacional y subpoblaciones (origen étnico-racial) | D4: X Censo de Población, 2011, INEC
A5: 2 | B5: Tasa de crecimiento de la población (por mil habitantes) | C5: Nacional y región de planificación | D5: Estimaciones y Proyecciones de Población, INEC-CCP
A6: 3 | B6: Densidad de población | C6: Nacional y región de planificación | D6: Estimaciones y Proyecciones de Población, INEC-CCP
A7: 4 | B7: Relación de dependencia demográfica | C7: Nacional, grupos dependientes, región de planificación | D7: Estimaciones y Proyecciones de Población, INEC-CCP
A8: 5 | B8: Distribución de la población por zona urbana y rural | C8: Nacional | D8: X Censo de Población, 2011, INEC
A9: 6 | B9: Porcentaje de población con discapacidad | C9: Nacional, sexo, grupos de edades y por región | D9: X Censo de Población, 2011, INEC
A10: 7 | B10: Porcentaje de población nacida en otro país | C10: Nacional, sexo, grupos de edades y por región | D10: X Censo de Población, 2011, INEC
A11: 8 | B11: Esperanza de vida al nacer | C11: Nacional, sexo | D11: Estimaciones y Proyecciones de Población, INEC-CCP
A12: 9 | B12: Tasa bruta de natalidad | C12: Nacional y región de planificación | D12: Estadísticas Vitales, INEC y Estimaciones y Proyecciones de Población, INEC-CCP.
A13: 10 | B13: Tasa bruta de mortalidad | C13: Nacional y región de planificación | D13: Estadísticas Vitales, INEC y Estimaciones y Proyecciones de Población, INEC-CCP.
A14: 11 | B14: Tasa global de fecundidad | C14: Nacional, región de planificación | D14: Estadísticas Vitales, INEC y Estimaciones y Proyecciones de Población, INEC-CCP.
A15: 12 | B15: Tasa de fecundidad adolescente | C15: Nacional, región de planificación y grupos especiales de edades | D15: Estadísticas Vitales, INEC y Estimaciones y Proyecciones de Población, INEC-CCP.
A16: 13 | B16: Porcentaje de nacimientos de madres menores de edad, en una unión impropia | C16: Nacional, sexo, grupos de edades, región de planificación | D16: Estadísticas Vitales, INEC.
... A18: 15 | B18: Porcentaje de hogares por tipo de jefatura | C18: Nacional, región de planificación y tipo de hogar | D18: ENAHO, INEC
A20: N | B20: Indicadores sociales y económicos
A21: 16 | B21: Distribución del gasto social de los hogares | C21: Nacional, tipo de gasto (alimentos, vivienda, salud y educación) | D21: ENIGH, INEC
A22: 17 | B22: Porcentaje de población en pobreza | C22: Nacional, región y nivel de pobreza (pobreza extrema y no extrema) | D22: ENAHO, INEC
A23: 17a | B23: Porcentaje de hogares en pobreza multidimensional | C23: Nacional y región de planificación | D23: ENAHO, INEC
A24: 19 | B24: Coeficiente de Gini | C24: Nacional y región de planificación | D24: ENAHO, INEC
A25: 33 | B25: Horas en promedio dedicadas al cuido | C25: Sexo y región de planificación | D25: ENUT, INEC
A26: 34 | B26: Brecha salarial por sexo | C26: Nacional y región de planificación | D26: ECE, INEC
A27: 35 | B27: Tasa de desempleo | C27: Nacional y región de planificación | D27: ECE, INEC
A28: 36 | B28: Tasa neta de participación | C28: nacional y región | D28: ECE, INEC
A29: 36a | B29: Tasa de ocupación | C29: Nacional y región | D29: ECE, INEC
A30: 36b | B30: Porcentaje de población ocupada por sector | C30: Nacional y región, por sector de actividad económica y sector (público y privado) | D30: ECE, INEC
A31: 38 | B31: Ingreso percápita | C31: Nacional y región de planificación | D31: ENAHO, INEC
A32: 42 | B32: Indice de precios al consumidor | C32: Nacional | D32: IPC, INEC
A34: N | B34: Indicadores de salud
A35: 20 | B35: Tasa de mortalidad infantil | C35: Nacional, Región de Planificación, Tipo (neonatal y posneonatal) y grupos de causas | D35: Estadísticas Vitales, INEC
A36: 22 | B36: Razón de mortalidad materna | C36: Nacional, Región de Planificación y tipo de causas | D36: Estadísticas Vitales, INEC
A37: 23 | B37: Tasa de mortalidad en la niñez | C37: Nacional, Región de Planificación y grupos de causas | D37: Estadísticas Vitales, INEC
A38: 25 | B38: Porcentaje de mujeres en edad fértil que usan anticonceptivos modernos o cuyas parejas lo usan | C38: Nacional y Región de Planificación | D38: ENSSSR, MS
A39: 26 | B39: Distribución porcentual de las defunciones por carga de la enfermedad | C39: Nacional y Región de Planificación | D39: Estadísticas Vitales, INEC
A40: 27 | B40: Principales diez causas de defunción | C40: Nacional | D40: Estadísticas Vitales, INEC
A41: 54 | B41: Tasa de mortalidad por homicidios | C41: Nacional y Región de Planificación | D41: Estadísticas Vitales, INEC
A43: N | B43: Indicadores educativos
A44: 31 | B44: Escolaridad promedio de la población | C44: Nacional, sexo, región de planificación, grupos étnicos y población con discapacidad | D44: X Censo de Población, 2011, INEC
A45: 32 | B45: Porcentaje de alfabetismo | C45: Nacional, sexo, región de planificación, grupos étnicos y población con discapacidad | D45: X Censo de Población, 2011, INEC

Sheet Población total 
A1: 1 | B1: =+Indice!B3 -> Población total | K1: ficha técnica
B4: Año | C4: Total de Población | E4: Año | F4: Región de planificación
B5: 2010 | C5: 4533894 | F5: Central | G5: Chorotega | H5: Pacífico Central | I5: Brunca | J5: Huetar Caribe | K5: Huetar Norte
B6: 2011 | C6: 4592147 | E6: 2010 | F6: 2841495 | G6: 337261 | H6: 256815 | I6: 344826 | J6: 406063 | K6: 347434
B7: 2012 | C7: 4652451 | E7: 2011 | F7: 2874405 | G7: 342702 | H7: 261346 | I7: 347541 | J7: 411404 | K7: 354749
B8: 2013 | C8: 4713164 | E8: 2012 | F8: 2908547 | G8: 348390 | H8: 266034 | I8: 350374 | J8: 416906 | K8: 362200
B9: 2014 | C9: 4773119 | E9: 2013 | F9: 2942714 | G9: 354154 | H9: 270754 | I9: 353276 | J9: 422529 | K9: 369737
B10: 2015 | C10: 4832227 | E10: 2014 | F10: 2976420 | G10: 359869 | H10: 275422 | I10: 356105 | J10: 428103 | K10: 377200
B11: 2016 | C11: 4890372 | E11: 2015 | F11: 3009786 | G11: 365542 | H11: 280054 | I11: 358791 | J11: 433523 | K11: 384531
B12: Fuente: Estimaciones y proyecciones de población, INEC-CCP | E12: 2016 | F12: 3041938 | G12: 371375 | H12: 284706 | I12: 361143 | J12: 439013 | K12: 392197
B15: Por favor incluya, en el recuadro de abajo una pequeña interpretación del dato en términos de su comportamiento reciente y tendencia, asi como algun elemento que considere importante para explicar dicho comportamiento.
B18: Interpretación
B19: Se interpreta con el indicador de tasa de crecimiento demográfico

Sheet Ficha_Población total
B2: FICHA TÉCNICA DE INDICADOR
B4: Nombre del indicador | C4: =+'Población total '!B1 -> Población total
B5: Definición conceptual | C5: Se refiere al total de población estimada o proyectada para un lugar y momento determinado. Este cálculo se basa en una población observada, que es la del Censo Nacional corregida por omisión censal que se proyecta o retroproyecta mediante la predición del comportamiento de los componentes de cambio demográfico que son la mortalidad, la fecundidad y la migración. Esta predición se basa en el comportamiento observado de estos componentes a través del tiempo.
B6: Fórmula de cálculo | C6: No aplica, es un dato absoluto
B7: Unidad de medida | C7: Dato absoluto
B8: Datos requeridos
B9: Tipo de fuente de datos | C9: Estimaciones y Proyecciones de Población
B10: Persona encargada de la fuente de datos | C10: Olga Martha Araya Umaña
B11: Observaciones y comentarios | C11: Es una estimación no corresponde a un dato observado
B12: Contacto de la persona responsable de reportar el indicador
B13: Nombre | C13: Marlene Sandoval
B14: Puesto | C14: Coordinadora del Centro de Información
B15: Institución | C15: Instituto Nacional de Estadística y Censos
B16: Teléfono | C16: 22809280
B17: Correo electrónico | C17: marlene.sandoval@inec.go.cr

Sheet Estructura por sexo y edad
A1: 1a | B1: =+Indice!B4 -> Estructura por sexo y edad | S1: ficha técnica
B3: Población total 2016 | I3: Población total 1990 | Q3: Población total 2011 | W3: Población indígena | AD3: Población afrodescendiente | AJ3: Población no indígena ni afro
B5: Grupos de edades | C5: Población 2016 | F5: Porcentaje | I5: Población 1990 | L5: Porcentaje | Q5: Población 2011 | T5: Porcentaje | W5: Población Indígena 2011 | Z5: Porcentaje | AD5: Población Afrodescendiente 2011 | AG5: Porcentaje | AJ5: Población otros grupos 2011 | AM5: Porcentaje
C6: Total | D6: Hombres 2016 | E6: Mujeres 2016 | F6: Hombres | G6: Mujeres | I6: Total | J6: Hombres 1990 | K6: Mujeres 1990 | L6: Hombres | M6: Mujeres | Q6: Total | R6: Hombres | S6: Mujeres | T6: Hombres | U6: Mujeres | W6: Total | X6: Hombres indígenas | Y6: Mujeres indígenas | Z6: Hombres | AA6: Mujeres | AD6: Total | AE6: Hombres afrodescendientes | AF6: Mujeres afrodescendientes | AG6: Hombres | AH6: Mujeres | AJ6: Total | AK6: Hombres otros | AL6: Mujeres otros | AM6: Hombres | AN6: Mujeres
B7: Total | C7: =SUM(C8:C23) -> 4890372 | D7: =SUM(D8:D23) -> 2467825 | E7: =SUM(E8:E23) -> 2422547 | F7: =SUM(F8:F23) -> -50.46293 | G7: =SUM(G8:G23) -> 49.53707 | I7: =SUM(I8:I23) -> 3029336 | J7: =SUM(J8:J23) -> 1532927 | K7: =SUM(K8:K23) -> 1496409 | L7: =SUM(L8:L23) -> -50.602739 | M7: =SUM(M8:M23) -> 49.397261 | Q7: =SUM(Q8:Q23) -> 4301712 | R7: =SUM(R8:R23) -> 2106063 | S7: =SUM(S8:S23) -> 2195649 | T7: =SUM(T8:T23) -> -48.958717 | U7: 49 | W7: =SUM(W8:W23) -> 69629 | X7: =SUM(X8:X23) -> 35166 | Y7: =SUM(Y8:Y23) -> 34463 | Z7: =SUM(Z8:Z23) -> -50.504818 | AA7: =SUM(AA8:AA23) -> 49.495182 | AD7: =SUM(AD8:AD23) -> 334437 | AE7: =SUM(AE8:AE23) -> 173035 | AF7: =SUM(AF8:AF23) -> 161402 | AG7: =SUM(AG8:AG23) -> -51.739192 | AH7: =SUM(AH8:AH23) -> 48.260808 | AJ7: =SUM(AJ8:AJ23) -> 3767992 | AK7: =SUM(AK8:AK23) -> 1833059 | AL7: =SUM(AL8:AL23) -> 1934933 | AM7: =SUM(AM8:AM23) -> -48.648166 | AN7: =SUM(AN8:AN23) -> 51.351834
B8: 0 a 4 | C8: =SUM(D8:E8) -> 370617 | D8: 189757 | E8: 180860 | F8: =(D8/($E$7+$D$7))*-100 -> -3.8802161 | G8: =(E8/($E$7+$D$7))*100 -> 3.6982872 | I8: 406889 | J8: 209182 | K8: 197707 | L8: =(J8/($K$7+$J$7))*-100 -> -6.9052096 | M8: =(K8/($K$7+$J$7))*100 -> 6.5264137 | Q8: 338717 | R8: 172943 | S8: 165774 | T8: =(R8/($R$7+$S$7))*-100 -> -4.0203296 | U8: =(S8/($R$7+$S$7))*100 -> 3.853675 | W8: 7257 | X8: 3682 | Y8: 3575 | Z8: =X8/($X$7+$Y$7)*-100 -> -5.2880265 | AA8: =Y8/($X$7+$Y$7)*100 -> 5.1343549 | AD8: 23312 | AE8: 12220 | AF8: 11092 | AG8: =AE8/($AE$7+$AF$7)*-100 -> -3.6539019 | AH8: =AF8/($AE$7+$AF$7)*100 -> 3.3166187 | AJ8: 291737 | AK8: 148509 | AL8: 143228 | AM8: =AK8/($AK$7+$AL$7)*-100 -> -3.94133 | AN8: =AL8/($AK$7+$AL$7)*100 -> 3.8011758
B9: 5 a 9 | C9: =SUM(D9:E9) -> 369326 | D9: 189395 | E9: 179931 | F9: =(D9/($E$7+$D$7))*-100 -> -3.8728138 | G9: =(E9/($E$7+$D$7))*100 -> 3.6792907 | I9: 363209 | J9: 186807 | K9: 176402 | L9: =(J9/($K$7+$J$7))*-100 -> -6.1665989 | M9: =(K9/($K$7+$J$7))*100 -> 5.8231243 | Q9: 342057 | R9: 173995 | S9: 168062 | T9: =(R9/($R$7+$S$7))*-100 -> -4.044785 | U9: =(S9/($R$7+$S$7))*100 -> 3.9068631 | W9: 7233 | X9: 3616 | Y9: 3617 | Z9: =X9/($X$7+$Y$7)*-100 -> -5.1932384 | AA9: =Y9/($X$7+$Y$7)*100 -> 5.1946746 | AD9: 27763 | AE9: 14399 | AF9: 13364 | AG9: =AE9/($AE$7+$AF$7)*-100 -> -4.3054447 | AH9: =AF9/($AE$7+$AF$7)*100 -> 3.9959693 | AJ9: 296726 | AK9: 150734 | AL9: 145992 | AM9: =AK9/($AK$7+$AL$7)*-100 -> -4.00038 | AN9: =AL9/($AK$7+$AL$7)*100 -> 3.8745305
B10: 10 a 14 | C10: =SUM(D10:E10) -> 369146 | D10: 189634 | E10: 179512 | F10: =(D10/($E$7+$D$7))*-100 -> -3.8777009 | G10: =(E10/($E$7+$D$7))*100 -> 3.6707228 | I10: 316591 | J10: 161658 | K10: 154933 | L10: =(J10/($K$7+$J$7))*-100 -> -5.336417 | M10: =(K10/($K$7+$J$7))*100 -> 5.1144211 | Q10: 387056 | R10: 195680 | S10: 191376 | T10: =(R10/($R$7+$S$7))*-100 -> -4.5488866 | U10: =(S10/($R$7+$S$7))*100 -> 4.4488334 | W10: 7888 | X10: 3934 | Y10: 3954 | Z10: =X10/($X$7+$Y$7)*-100 -> -5.6499447 | AA10: =Y10/($X$7+$Y$7)*100 -> 5.6786684 | AD10: 32621 | AE10: 16744 | AF10: 15877 | AG10: =AE10/($AE$7+$AF$7)*-100 -> -5.0066231 | AH10: =AF10/($AE$7+$AF$7)*100 -> 4.7473814 | AJ10: 336022 | AK10: 169632 | AL10: 166390 | AM10: =AK10/($AK$7+$AL$7)*-100 -> -4.5019204 | AN10: =AL10/($AK$7+$AL$7)*100 -> 4.4158799
B11: 15 a 19 | C11: =SUM(D11:E11) -> 407250 | D11: 208392 | E11: 198858 | F11: =(D11/($E$7+$D$7))*-100 -> -4.2612709 | G11: =(E11/($E$7+$D$7))*100 -> 4.0663164 | I11: 279236 | J11: 141779 | K11: 137457 | L11: =(J11/($K$7+$J$7))*-100 -> -4.6802005 | M11: =(K11/($K$7+$J$7))*100 -> 4.537529 | Q11: 405176 | R11: 201934 | S11: 203242 | T11: =(R11/($R$7+$S$7))*-100 -> -4.6942706 | U11: =(S11/($R$7+$S$7))*100 -> 4.7246771 | W11: 7062 | X11: 3597 | Y11: 3465 | Z11: =X11/($X$7+$Y$7)*-100 -> -5.165951 | AA11: =Y11/($X$7+$Y$7)*100 -> 4.9763748 | AD11: 32945 | AE11: 16743 | AF11: 16202 | AG11: =AE11/($AE$7+$AF$7)*-100 -> -5.0063241 | AH11: =AF11/($AE$7+$AF$7)*100 -> 4.8445597 | AJ11: 354611 | AK11: 176364 | AL11: 178247 | AM11: =AK11/($AK$7+$AL$7)*-100 -> -4.6805832 | AN11: =AL11/($AK$7+$AL$7)*100 -> 4.7305568
B12: 20 a 24 | C12: =SUM(D12:E12) -> 434979 | D12: 225185 | E12: 209794 | F12: =(D12/($E$7+$D$7))*-100 -> -4.6046599 | G12: =(E12/($E$7+$D$7))*100 -> 4.2899395 | I12: 292197 | J12: 148125 | K12: 144072 | L12: =(J12/($K$7+$J$7))*-100 -> -4.8896854 | M12: =(K12/($K$7+$J$7))*100 -> 4.7558937 | Q12: 410480 | R12: 203280 | S12: 207200 | T12: =(R12/($R$7+$S$7))*-100 -> -4.7255604 | U12: =(S12/($R$7+$S$7))*100 -> 4.8166869 | W12: 6121 | X12: 3085 | Y12: 3036 | Z12: =X12/($X$7+$Y$7)*-100 -> -4.4306252 | AA12: =Y12/($X$7+$Y$7)*100 -> 4.3602522 | AD12: 33678 | AE12: 17022 | AF12: 16656 | AG12: =AE12/($AE$7+$AF$7)*-100 -> -5.0897478 | AH12: =AF12/($AE$7+$AF$7)*100 -> 4.9803102 | AJ12: 359546 | AK12: 177617 | AL12: 181929 | AM12: =AK12/($AK$7+$AL$7)*-100 -> -4.713837 | AN12: =AL12/($AK$7+$AL$7)*100 -> 4.8282746
B13: 25 a 29 | C13: =SUM(D13:E13) -> 446534 | D13: 230516 | E13: 216018 | F13: =(D13/($E$7+$D$7))*-100 -> -4.71367 | G13: =(E13/($E$7+$D$7))*100 -> 4.41721 | I13: 288875 | J13: 146554 | K13: 142321 | L13: =(J13/($K$7+$J$7))*-100 -> -4.8378258 | M13: =(K13/($K$7+$J$7))*100 -> 4.6980923 | Q13: 378424 | R13: 184046 | S13: 194378 | T13: =(R13/($R$7+$S$7))*-100 -> -4.2784361 | U13: =(S13/($R$7+$S$7))*100 -> 4.5186196 | W13: 5398 | X13: 2651 | Y13: 2747 | Z13: =X13/($X$7+$Y$7)*-100 -> -3.8073217 | AA13: =Y13/($X$7+$Y$7)*100 -> 3.9451952 | AD13: 33258 | AE13: 16949 | AF13: 16309 | AG13: =AE13/($AE$7+$AF$7)*-100 -> -5.0679201 | AH13: =AF13/($AE$7+$AF$7)*100 -> 4.8765537 | AJ13: 329255 | AK13: 159178 | AL13: 170077 | AM13: =AK13/($AK$7+$AL$7)*-100 -> -4.2244782 | AN13: =AL13/($AK$7+$AL$7)*100 -> 4.5137304
B14: 30 a 34 | C14: =SUM(D14:E14) -> 429104 | D14: 219967 | E14: 209137 | F14: =(D14/($E$7+$D$7))*-100 -> -4.4979605 | G14: =(E14/($E$7+$D$7))*100 -> 4.2765049 | I14: 248666 | J14: 125796 | K14: 122870 | L14: =(J14/($K$7+$J$7))*-100 -> -4.1525932 | M14: =(K14/($K$7+$J$7))*100 -> 4.0560044 | Q14: 332897 | R14: 160678 | S14: 172219 | T14: =(R14/($R$7+$S$7))*-100 -> -3.7352105 | U14: =(S14/($R$7+$S$7))*100 -> 4.0034991 | W14: 4714 | X14: 2284 | Y14: 2430 | Z14: =X14/($X$7+$Y$7)*-100 -> -3.2802424 | AA14: =Y14/($X$7+$Y$7)*100 -> 3.4899252 | AD14: 29253 | AE14: 15101 | AF14: 14152 | AG14: =AE14/($AE$7+$AF$7)*-100 -> -4.5153497 | AH14: =AF14/($AE$7+$AF$7)*100 -> 4.2315892 | AJ14: 289703 | AK14: 138722 | AL14: 150981 | AM14: =AK14/($AK$7+$AL$7)*-100 -> -3.6815896 | AN14: =AL14/($AK$7+$AL$7)*100 -> 4.0069353
B15: 35 a 39 | C15: =SUM(D15:E15) -> 368572 | D15: 185699 | E15: 182873 | F15: =(D15/($E$7+$D$7))*-100 -> -3.7972367 | G15: =(E15/($E$7+$D$7))*100 -> 3.7394497 | I15: 196847 | J15: 98855 | K15: 97992 | L15: =(J15/($K$7+$J$7))*-100 -> -3.2632564 | M15: =(K15/($K$7+$J$7))*100 -> 3.2347683 | Q15: 288071 | R15: 138718 | S15: 149353 | T15: =(R15/($R$7+$S$7))*-100 -> -3.2247161 | U15: =(S15/($R$7+$S$7))*100 -> 3.4719433 | W15: 4098 | X15: 2087 | Y15: 2011 | Z15: =X15/($X$7+$Y$7)*-100 -> -2.9973143 | AA15: =Y15/($X$7+$Y$7)*100 -> 2.8881644 | AD15: 24955 | AE15: 12852 | AF15: 12103 | AG15: =AE15/($AE$7+$AF$7)*-100 -> -3.8428762 | AH15: =AF15/($AE$7+$AF$7)*100 -> 3.6189178 | AJ15: 251000 | AK15: 119731 | AL15: 131269 | AM15: =AK15/($AK$7+$AL$7)*-100 -> -3.1775811 | AN15: =AL15/($AK$7+$AL$7)*100 -> 3.4837919
B16: 40 a 44 | C16: =SUM(D16:E16) -> 311329 | D16: 155603 | E16: 155726 | F16: =(D16/($E$7+$D$7))*-100 -> -3.1818234 | G16: =(E16/($E$7+$D$7))*100 -> 3.1843385 | I16: 144153 | J16: 71891 | K16: 72262 | L16: =(J16/($K$7+$J$7))*-100 -> -2.3731603 | M16: =(K16/($K$7+$J$7))*100 -> 2.3854072 | Q16: 282914 | R16: 136344 | S16: 146570 | T16: =(R16/($R$7+$S$7))*-100 -> -3.1695288 | U16: =(S16/($R$7+$S$7))*100 -> 3.4072481 | W16: 3866 | X16: 1934 | Y16: 1932 | Z16: =X16/($X$7+$Y$7)*-100 -> -2.7775783 | AA16: =Y16/($X$7+$Y$7)*100 -> 2.7747059 | AD16: 22606 | AE16: 12064 | AF16: 10542 | AG16: =AE16/($AE$7+$AF$7)*-100 -> -3.6072564 | AH16: =AF16/($AE$7+$AF$7)*100 -> 3.1521632 | AJ16: 248461 | AK16: 118376 | AL16: 130085 | AM16: =AK16/($AK$7+$AL$7)*-100 -> -3.1416203 | AN16: =AL16/($AK$7+$AL$7)*100 -> 3.4523693
B17: 45 a 49 | C17: =SUM(D17:E17) -> 293008 | D17: 144492 | E17: 148516 | F17: =(D17/($E$7+$D$7))*-100 -> -2.9546219 | G17: =(E17/($E$7+$D$7))*100 -> 3.036906 | I17: 111644 | J17: 55244 | K17: 56400 | L17: =(J17/($K$7+$J$7))*-100 -> -1.823634 | M17: =(K17/($K$7+$J$7))*100 -> 1.8617941 | Q17: 267747 | R17: 128560 | S17: 139187 | T17: =(R17/($R$7+$S$7))*-100 -> -2.9885776 | U17: =(S17/($R$7+$S$7))*100 -> 3.2356187 | W17: 3354 | X17: 1691 | Y17: 1663 | Z17: =X17/($X$7+$Y$7)*-100 -> -2.4285858 | AA17: =Y17/($X$7+$Y$7)*100 -> 2.3883727 | AD17: 19652 | AE17: 10354 | AF17: 9298 | AG17: =AE17/($AE$7+$AF$7)*-100 -> -3.0959493 | AH17: =AF17/($AE$7+$AF$7)*100 -> 2.7801948 | AJ17: 237228 | AK17: 112837 | AL17: 124391 | AM17: =AK17/($AK$7+$AL$7)*-100 -> -2.9946189 | AN17: =AL17/($AK$7+$AL$7)*100 -> 3.3012544
B18: 50 a 54 | C18: =SUM(D18:E18) -> 283245 | D18: 139656 | E18: 143589 | F18: =(D18/($E$7+$D$7))*-100 -> -2.8557337 | G18: =(E18/($E$7+$D$7))*100 -> 2.936157 | I18: 93236 | J18: 46146 | K18: 47090 | L18: =(J18/($K$7+$J$7))*-100 -> -1.5233041 | M18: =(K18/($K$7+$J$7))*100 -> 1.5544661 | Q18: 235256 | R18: 112308 | S18: 122948 | T18: =(R18/($R$7+$S$7))*-100 -> -2.6107745 | U18: =(S18/($R$7+$S$7))*100 -> 2.8581179 | W18: 3103 | X18: 1592 | Y18: 1511 | Z18: =X18/($X$7+$Y$7)*-100 -> -2.2864037 | AA18: =Y18/($X$7+$Y$7)*100 -> 2.1700728 | AD18: 16514 | AE18: 8663 | AF18: 7851 | AG18: =AE18/($AE$7+$AF$7)*-100 -> -2.5903234 | AH18: =AF18/($AE$7+$AF$7)*100 -> 2.3475273 | AJ18: 208721 | AK18: 98648 | AL18: 110073 | AM18: =AK18/($AK$7+$AL$7)*-100 -> -2.6180523 | AN18: =AL18/($AK$7+$AL$7)*100 -> 2.9212642
B19: 55 a 59 | C19: =SUM(D19:E19) -> 244380 | D19: 120388 | E19: 123992 | F19: =(D19/($E$7+$D$7))*-100 -> -2.461735 | G19: =(E19/($E$7+$D$7))*100 -> 2.5354308 | I19: 77881 | J19: 38584 | K19: 39297 | L19: =(J19/($K$7+$J$7))*-100 -> -1.2736785 | M19: =(K19/($K$7+$J$7))*100 -> 1.297215 | Q19: 183581 | R19: 87315 | S19: 96266 | T19: =(R19/($R$7+$S$7))*-100 -> -2.0297733 | U19: =(S19/($R$7+$S$7))*100 -> 2.2378532 | W19: 2636 | X19: 1357 | Y19: 1279 | Z19: =X19/($X$7+$Y$7)*-100 -> -1.9489006 | AA19: =Y19/($X$7+$Y$7)*100 -> 1.8368783 | AD19: 12293 | AE19: 6431 | AF19: 5862 | AG19: =AE19/($AE$7+$AF$7)*-100 -> -1.9229332 | AH19: =AF19/($AE$7+$AF$7)*100 -> 1.7527965 | AJ19: 162932 | AK19: 76730 | AL19: 86202 | AM19: =AK19/($AK$7+$AL$7)*-100 -> -2.0363631 | AN19: =AL19/($AK$7+$AL$7)*100 -> 2.2877437
... B23: 75 y más | C23: =SUM(D23:E23) -> 147143 | D23: 66296 | E23: 80847 | F23: =(D23/($E$7+$D$7))*-100 -> -1.3556433 | G23: =(E23/($E$7+$D$7))*100 -> 1.6531871 | I23: 56774 | J23: 26836 | K23: 29938 | L23: =(J23/($K$7+$J$7))*-100 -> -0.8858707 | M23: =(K23/($K$7+$J$7))*100 -> 0.98826938 | Q23: 130130 | R23: 58076 | S23: 72054 | T23: =(R23/($R$7+$S$7))*-100 -> -1.3500671 | U23: =(S23/($R$7+$S$7))*100 -> 1.6750075 | W23: 2030 | X23: 1062 | Y23: 968 | Z23: =X23/($X$7+$Y$7)*-100 -> -1.5252266 | AA23: =Y23/($X$7+$Y$7)*100 -> 1.3902253 | AD23: 6582 | AE23: 3349 | AF23: 3233 | AG23: =AE23/($AE$7+$AF$7)*-100 -> -1.0013844 | AH23: =AF23/($AE$7+$AF$7)*100 -> 0.96669926 | AJ23: 116995 | AK23: 51549 | AL23: 65446 | AM23: =AK23/($AK$7+$AL$7)*-100 -> -1.3680762 | AN23: =AL23/($AK$7+$AL$7)*100 -> 1.7368933
B24: Fuente: INEC, CCP Estimaciones y Proyecciones de Población. | Q24: Fuente: INEC, X Censo Nacional de Población | W24: Nota: Excluye a los que no se autoidentificaron con alguno de los Pueblos Indígenas de Costa Rica | AD24: Nota: Incluye a los mulatos
B51: Por favor incluya, en el recuadro de abajo una pequeña interpretación del dato en términos de su comportamiento reciente y tendencia, así como algún elemento que considere importante para explicar dicho comportamiento.
B54: Interpretación | AE54: P51_EDAD_QUINQ*P02 Sexo tabulación cruzada
B55: Tal como se muestra en al gráfico 1, al analizar la evolución de la estructura por sexo y grupos de edades de la población de 1990 a 2016 se observa el país ha venido experimentando un proceso de envejecimiento de su población, el cual es explicado por un aumento en la esperanza de vida y la acelerada disminución de los niveles de la fecundidad. En estos últimos veinticinco años, la estructura de la población por sexo y grupos de edades se ha transformado, pasando de una forma piramidal a una forma más rectangular, producto del traslado de población de los grupos de menor edad, a los siguientes grupos de edades, es decir, la evolución de cohortes de nacimientos producto de una mayor fecundidad experimentada en los ochentas y noventas que se beneficiaron de la disminución de los niveles de la mortalidad infantil y de la niñez de las décadas más recientes. Por su parte, la población en edad productiva, es decir la población de 15 a 64 años, ha ganado peso relativo en este período, pasando de representar el 59,4%, en 1990, a 69,7% en 2016, lo que se traduce en una disminución de la relación de dependencia demográfica, que pasa de 68,3, en 1990, a una relación en el 2016 de 43,4 personas dependientes por cada cien personas en edad productiva. Este cambio en la relación de la dependencia demográfica se conoce como el bono demográfico. Si esta población en edad productiva estuviese inserta en el mercado laboral se estuviese generando un excedente de recursos, dado que hubiese menor cantidad de personas dependientes demandantes de estos recursos , lo cual se convertiría en una oportunidad para el crecimiento económico, no obstante, no toda esta población está inserta en el mercado laboral, por lo que se convierte en un reto la búsqueda de soluciones que permitan aprovechar la oportunidad del bono demográfico, sobre todo porque el país se encuentra en un momento de agotamiento del bono demográfico y ha iniciado el proceso de envejecimiento de la población, tomando en consideración que el ritmo del cambio demográfico experimentado por el país ha sido particularmente acelerado en relación con el resto de América Latina. Por otra parte, al analizar esta composición por sexo y grupos de edades de la población según su origen étnico-racial , en términos generales, la población indígena es una población mucho más joven, con una mayor concentración de población en las primeras edades (0 a 19 años), lo que podría sugerir niveles mayores de fecundidad, por su parte la población afrodescendiente si bien presenta una población más joven que la población total o la perteneciente a los otros grupos que no son ni indígenas ni afro, ya muestra una mayor concentración en los grupos de edades de 10 a 39 años, esto podría sugerir una disminución en sus niveles de fecundidad. | AE55: Recuento
AG56: P02 Sexo | AI56: Total
AG57: Hombre | AH57: Mujer
AE58: P51_EDAD_QUINQ | AF58: 0-4 | AG58: 148509 | AH58: 143228 | AI58: 291737
AF59: 5-9 | AG59: 150734 | AH59: 145992 | AI59: 296726
AF60: 10-14 | AG60: 169632 | AH60: 166390 | AI60: 336022
AF61: 15-19 | AG61: 176364 | AH61: 178247 | AI61: 354611
AF62: 20-24 | AG62: 177617 | AH62: 181929 | AI62: 359546
AF63: 25-29 | AG63: 159178 | AH63: 170077 | AI63: 329255
AF64: 30-34 | AG64: 138722 | AH64: 150981 | AI64: 289703
AF65: 35-39 | AG65: 119731 | AH65: 131269 | AI65: 251000
AF66: 40-44 | AG66: 118376 | AH66: 130085 | AI66: 248461
AF67: 45-49 | AG67: 112837 | AH67: 124391 | AI67: 237228
AF68: 50-54 | AG68: 98648 | AH68: 110073 | AI68: 208721
AF69: 55-59 | AG69: 76730 | AH69: 86202 | AI69: 162932
AF70: 60-64 | AG70: 57674 | AH70: 64821 | AI70: 122495
... AF72: 70-74 | AG72: 32891 | AH72: 37071 | AI72: 69962
AG73: =SUM(AG74:AG76) -> 51549 | AH73: =SUM(AH74:AH76) -> 65446 | AI73: =SUM(AI74:AI76) -> 116995
AF74: 75-79 | AG74: 23095 | AH74: 27647 | AI74: 50742
AF75: 80-84 | AG75: 16204 | AH75: 20067 | AI75: 36271
AF76: 85 y + | AG76: 12250 | AH76: 17732 | AI76: 29982
AE77: Total | AG77: 1833059 | AH77: 1934933 | AI77: 3767992

Sheet Ficha_estructura por sexo y eda
B2: FICHA TÉCNICA DE INDICADOR
B4: Nombre del indicador | C4: =+'Estructura por sexo y edad'!B1 -> Estructura por sexo y edad
B5: Definición conceptual | C5: Se refiere a la distribución porcentual de la población por sexo y edades. Se representa gráficamente en una pirámide de población.
B6: Fórmula de cálculo
B7: Unidad de medida | C7: Distribución porcentual
B8: Datos requeridos | C8: Población por grupos de edades y sexo
B9: Tipo de fuente de datos | C9: Censos de Población o Estimaciones y Proyecciones de Población
B10: Persona responsable de la fuente de datos | C10: Olga Martha Araya Umaña
B11: Observaciones y comentarios | C11: Las Estimaciones y Proyecciones de población solo se tienen para grupos de edades y sexo, por lo que para obtener la piramide poblacional de la población por autoidentificación étnico-racial y que sea comparable con la población nacional también se calcula con datos del Censo Nacional de Población
B12: Contacto de la persona responsable de reportar el indicador
B13: Nombre | C13: Marlene Sandoval
B14: Puesto | C14: Coordinadora del Centro de Información
B15: Institución | C15: Instituto Nacional de Estadística y Censos
B16: Teléfono | C16: 22809280
B17: Correo electrónico | C17: marlene.sandoval@inec.go.cr

Sheet Tasa de crecimiento de la pobla
A1: 2 | B1: =+Indice!B5 -> Tasa de crecimiento de la población (por mil habitantes) | K1: ficha técnica
E3: Año | F3: Región de planificación
B4: Año | C4: Tasa | F4: Central | G4: Chorotega | H4: Pacífico Central | I4: Brunca | J4: Huetar Caribe | K4: Huetar Norte
B5: 2010-2011 | C5: =LN('Población total '!C6/'Población total '!C5)/1*1000 -> 12.766498 | E5: 2010-2011 | F5: =LN('Población total '!F7/'Población total '!F6)/1*1000 -> 11.515374 | G5: =LN('Población total '!G7/'Población total '!G6)/1*1000 -> 16.004154 | H5: =LN('Población total '!H7/'Población total '!H6)/1*1000 -> 17.489219 | I5: =LN('Población total '!I7/'Población total '!I6)/1*1000 -> 7.8427017 | J5: =LN('Población total '!J7/'Población total '!J6)/1*1000 -> 13.06738 | K5: =LN('Población total '!K7/'Población total '!K6)/1*1000 -> 20.835778
B6: 2011-2012 | C6: =LN('Población total '!C7/'Población total '!C6)/1*1000 -> 13.046507 | E6: 2011-2012 | F6: =LN('Población total '!F8/'Población total '!F7)/1*1000 -> 11.807947 | G6: =LN('Población total '!G8/'Población total '!G7)/1*1000 -> 16.461277 | H6: =LN('Población total '!H8/'Población total '!H7)/1*1000 -> 17.77892 | I6: =LN('Población total '!I8/'Población total '!I7)/1*1000 -> 8.1185117 | J6: =LN('Población total '!J8/'Población total '!J7)/1*1000 -> 13.285077 | K6: =LN('Población total '!K8/'Población total '!K7)/1*1000 -> 20.786048
B7: 2012-2013 | C7: =LN('Población total '!C8/'Población total '!C7)/1*1000 -> 12.965267 | E7: 2012-2013 | F7: =LN('Población total '!F9/'Población total '!F8)/1*1000 -> 11.678641 | G7: =LN('Población total '!G9/'Población total '!G8)/1*1000 -> 16.409305 | H7: =LN('Población total '!H9/'Población total '!H8)/1*1000 -> 17.586539 | I7: =LN('Población total '!I9/'Población total '!I8)/1*1000 -> 8.2484657 | J7: =LN('Población total '!J9/'Población total '!J8)/1*1000 -> 13.397307 | K7: =LN('Población total '!K9/'Población total '!K8)/1*1000 -> 20.595397
B8: 2013-2014 | C8: =LN('Población total '!C9/'Población total '!C8)/1*1000 -> 12.640525 | E8: 2013-2014 | F8: =LN('Población total '!F10/'Población total '!F9)/1*1000 -> 11.388951 | G8: =LN('Población total '!G10/'Población total '!G9)/1*1000 -> 16.00823 | H8: =LN('Población total '!H10/'Población total '!H9)/1*1000 -> 17.093807 | I8: =LN('Población total '!I10/'Población total '!I9)/1*1000 -> 7.9760101 | J8: =LN('Población total '!J10/'Población total '!J9)/1*1000 -> 13.105737 | K8: =LN('Población total '!K10/'Población total '!K9)/1*1000 -> 19.983609
B9: 2014-2015 | C9: =LN('Población total '!C10/'Población total '!C9)/1*1000 -> 12.307468 | E9: 2014-2015 | F9: =LN('Población total '!F11/'Población total '!F10)/1*1000 -> 11.147744 | G9: =LN('Población total '!G11/'Población total '!G10)/1*1000 -> 15.641107 | H9: =LN('Población total '!H11/'Población total '!H10)/1*1000 -> 16.677975 | I9: =LN('Población total '!I11/'Población total '!I10)/1*1000 -> 7.5144151 | J9: =LN('Población total '!J11/'Población total '!J10)/1*1000 -> 12.58103 | K9: =LN('Población total '!K11/'Población total '!K10)/1*1000 -> 19.248859
B10: 2015-2016 | C10: =LN('Población total '!C11/'Población total '!C10)/1*1000 -> 11.960936 | E10: 2015-2016 | F10: =LN('Población total '!F12/'Población total '!F11)/1*1000 -> 10.625832 | G10: =LN('Población total '!G12/'Población total '!G11)/1*1000 -> 15.83115 | H10: =LN('Población total '!H12/'Población total '!H11)/1*1000 -> 16.474627 | I10: =LN('Población total '!I12/'Población total '!I11)/1*1000 -> 6.5339555 | J10: =LN('Población total '!J12/'Población total '!J11)/1*1000 -> 12.584174 | K10: =LN('Población total '!K12/'Población total '!K11)/1*1000 -> 19.739855
B11: Fuente: INEC-CCP, Estimaciones y Proyecciones de Población
B14: Por favor incluya, en el recuadro de abajo una pequeña interpretación del dato en términos de su comportamiento reciente y tendencia, así como algún elemento que considere importante para explicar dicho comportamiento.
B17: Interpretación
B18: De acuerdo a las estimaciones y proyecciones vigentes, la población a nivel nacional sigue creciendo, no obstante, su ritmo de crecimiento ha venido dismuyendo, pasando de un crecimiento de aproximadamente 13 personas por cada mil en el periodo 2010-2011 a 12 en el periodo 2015-2016, es decir, su crecimiento disminuyó en una persona por cada mil habitantes. Este decrecimiento es explicado principalmente por el descenso de la fecundidad observado en el periodo 2000-2011, con el que se proyectó el comportamiento de la fecundidad, y que los datos observados recientemente de los nacimientos lo corroboran. A nivel subnacional, específicamente en las 6 regiones de planificación esta tendencia de desaceleración del crecimiento se mantiene, a excepción de las regiones Chorotega y Huetar Norte que para el periodo 2015-2016 presentan un leve aumento. Las regiones que experimentan esta desaceleración de su crecimiento de manera más pronunciada son la Central, Pacífico Central y Brunca.

Sheet Ficha_tasa de crecimiento de la
B2: FICHA TÉCNICA DE INDICADOR
B4: Nombre del indicador | C4: =+'Tasa de crecimiento de la pobla'!B1 -> Tasa de crecimiento de la población (por mil habitantes)
B5: Definición conceptual | C5: Se refiere al ritmo de crecimiento anual de la población, asumiendo un crecimiento exponencial.
B6: Fórmula de cálculo | C6: Donde: R = crecimiento de la población LN = Logaritmo Natural Pf = Población final Pi = Población inicial t= tiempo transcurrido entre la Pi y la Pf
B7: Unidad de medida | C7: Tasa anualizada
B8: Datos requeridos | C8: Población total por años calendario
B9: Tipo de fuente de datos | C9: Estimaciones y Proyecciones de Población
B10: Persona responsable de la fuente de datos | C10: Olga Martha Araya Umaña
B11: Observaciones y comentarios
B12: Contacto de la persona responsable de reportar el indicador
B13: Nombre | C13: Marlene Sandoval
B14: Puesto | C14: Coordinadora del Centro de Información
B15: Institución | C15: Instituto Nacional de Estadística y Censos
B16: Teléfono | C16: 22809280
B17: Correo electrónico | C17: marlene.sandoval@inec.go.cr

Sheet Densidad de población
A1: 3 | B1: =+Indice!B6 -> Densidad de población | I1: ficha técnica
F3: Año | G3: Región de planificación
B4: Año | C4: Densidad | G4: Central | H4: Chorotega | I4: Pacífico Central | J4: Brunca | K4: Huetar Caribe | L4: Huetar Norte
B5: 2010 | C5: 88.634493 | D5: =+(C6-C5)/C5*100 -> 1.2848337 | F5: 2010 | G5: 332.85048 | H5: 33.107972 | I5: 65.793935 | J5: 36.160603 | K5: 44.142386 | L5: 35.485274 | M5: =(G6-G5)/G5*100 -> 1.1581931 | N5: =(H6-H5)/H5*100 -> 1.6132906 | O5: =(I6-I5)/I5*100 -> 1.764305 | P5: =(J6-J5)/J5*100 -> 0.78735362 | Q5: =(K6-K5)/K5*100 -> 1.3153131 | R5: =(L6-L5)/L5*100 -> 2.1054359
B6: 2011 | C6: 89.773298 | D6: =+(C7-C6)/C6*100 -> 1.3131984 | F6: 2011 | G6: 336.70553 | H6: 33.6421 | I6: 66.954741 | J6: 36.445315 | K6: 44.722996 | L6: 36.232393 | M6: =(G7-G6)/G6*100 -> 1.1877936 | N6: =(H7-H6)/H6*100 -> 1.659751 | O6: =(I7-I6)/I6*100 -> 1.7937906 | P6: =(J7-J6)/J6*100 -> 0.81515562 | Q6: =(K7-K6)/K6*100 -> 1.3373715 | R6: =(L7-L6)/L6*100 -> 2.1003583
B7: 2012 | C7: 90.9522 | D7: =+(C8-C7)/C7*100 -> 1.3049681 | F7: 2012 | G7: 340.7049 | H7: 34.200475 | I7: 68.155769 | J7: 36.742401 | K7: 45.321109 | L7: 36.993403 | M7: =(G8-G7)/G7*100 -> 1.1747103 | N7: =(H8-H7)/H7*100 -> 1.6544677 | O7: =(I8-I7)/I7*100 -> 1.7742093 | P7: =(J8-J7)/J7*100 -> 0.8282578 | Q7: =(K8-K7)/K7*100 -> 1.3487453 | R7: =(L8-L7)/L7*100 -> 2.0808945
B8: 2013 | C8: 92.139097 | D8: =+(C9-C8)/C8*100 -> 1.2720754 | F8: 2013 | G8: 344.70719 | H8: 34.766311 | I8: 69.364995 | J8: 37.046723 | K8: 45.932375 | L8: 37.763197 | M8: =(G9-G8)/G8*100 -> 1.1454052 | N8: =(H9-H8)/H8*100 -> 1.6137048 | O8: =(I9-I8)/I8*100 -> 1.7240743 | P8: =(J9-J8)/J8*100 -> 0.80079032 | Q8: =(K9-K8)/K8*100 -> 1.3191994 | R8: =(L9-L8)/L8*100 -> 2.0184618
B9: 2014 | C9: 93.311176 | D9: =+(C10-C9)/C9*100 -> 1.2383517 | F9: 2014 | G9: 348.65549 | H9: 35.327337 | I9: 70.560899 | J9: 37.343389 | K9: 46.538315 | L9: 38.525433 | M9: =(G10-G9)/G9*100 -> 1.1210111 | N9: =(H10-H9)/H9*100 -> 1.576407 | O9: =(I10-I9)/I9*100 -> 1.6817829 | P9: =(J10-J9)/J9*100 -> 0.75427191 | Q9: =(K10-K9)/K9*100 -> 1.2660505 | R9: =(L10-L9)/L9*100 -> 1.9435313
B10: 2015 | C10: 94.466696 | D10: =+(C11-C10)/C10*100 -> 1.2032754 | F10: 2015 | G10: 352.56395 | H10: 35.884239 | I10: 71.74758 | J10: 37.62506 | K10: 47.127513 | L10: 39.274187 | M10: =(G11-G10)/G10*100 -> 1.0682487 | N10: =(H11-H10)/H10*100 -> 1.5957127 | O10: =(I11-I10)/I10*100 -> 1.6611082 | P10: =(J11-J10)/J10*100 -> 0.65553484 | Q10: =(K11-K10)/K10*100 -> 1.2663688 | R10: =(L11-L10)/L10*100 -> 1.9935974
B11: 2016 | C11: 95.603391 | F11: 2016 | G11: 356.33021 | H11: 36.456849 | I11: 72.939385 | J11: 37.871705 | K11: 47.724322 | L11: 40.057156
B12: Fuente: INEC, Estimaciones y proyecciones de población
B15: Por favor incluya, en el recuadro de abajo una pequeña interpretación del dato en términos de su comportamiento reciente y tendencia, así como algún elemento que considere importante para explicar dicho comportamiento.
B18: Interpretación
B19: A nivel nacional se observa un incremento en la densidad poblacional, producto del crecimiento poblacional. La Región Central es la más densamente poblada, concentra aproximadamente el 62% de la población total del país, pero en términos de extensión territorial esta corresponde únicamente al 16,?% del país. En cuanto al ritmo en que estas regiones han aumentado su densidad es relevante indicar que la Región Huetar Norte es la que presenta un ritmo más acelerado de cambio de este indicador, mientras que la Región Chorotega es la que ha cambia más lentamente, siendo además, de las regiones con menor densidad poblacional.

Sheet Ficha_densidad de población
B2: FICHA TÉCNICA DE INDICADOR
B4: Nombre del indicador | C4: =+'Densidad de población'!B1 -> Densidad de población
B5: Definición conceptual | C5: Corresponde a la relación entre la cantidad de habitantes por kilómetro cuadrado de una zona geográfica
B6: Fórmula de cálculo
B7: Unidad de medida | C7: Razón
B8: Datos requeridos
B9: Tipo de fuente de datos
B10: Persona responsable de la fuente de datos | C10: Olga Martha Araya Umaña
B11: Observaciones y comentarios
B12: Contacto de la persona responsable de reportar el indicador
B13: Nombre | C13: Marlene Sandoval
B14: Puesto | C14: Coordinadora del Centro de Información
B15: Institución | C15: Instituto Nacional de Estadística y Censos
B16: Teléfono | C16: 22809280
B17: Correo electrónico | C17: marlene.sandoval@inec.go.cr

Sheet RDependencia demográfica
A1: 4 | B1: =+Indice!B7 -> Relación de dependencia demográfica | F1: ficha técnica
F3: Año | G3: Región de planificación
B4: Año | C4: Relación de dependencia demográfica | G4: Central | H4: Chorotega | I4: Pacífico Central | J4: Brunca | K4: Huetar Caribe | L4: Huetar Norte
B5: 2010 | C5: 183.09503 | F5: 2010 | G5: 176.4503 | H5: 190.85026 | I5: 188.46372 | J5: 195.18412 | K5: 198.01983 | L5: 199.93628 | M5: =+(G11-G5)/G5*100 -> -3.4866454 | N5: =+(H11-H5)/H5*100 -> -3.0988557 | O5: =+(I11-I5)/I5*100 -> -3.8188842 | P5: =+(J11-J5)/J5*100 -> -5.3047082 | Q5: =+(K11-K5)/K5*100 -> -5.0728034 | R5: =+(L11-L5)/L5*100 -> -5.9905011
B6: 2011 | C6: 181.15819 | F6: 2011 | G6: 174.74848 | H6: 189.07405 | I6: 186.45315 | J6: 192.63326 | K6: 195.43089 | L6: 196.87293
B7: 2012 | C7: 179.78892 | F7: 2012 | G7: 173.54895 | H7: 187.93071 | I7: 185.11388 | J7: 190.72329 | K7: 193.55619 | L7: 194.61929
B8: 2013 | C8: 178.70541 | F8: 2013 | G8: 172.61441 | H8: 187.09429 | I8: 184.06301 | J8: 189.10991 | K8: 192.02205 | L8: 192.75299
B9: 2014 | C9: 177.75693 | F9: 2014 | G9: 171.79802 | H9: 186.39504 | I9: 183.17195 | J9: 187.67499 | K9: 190.64431 | L9: 191.10459
B10: 2015 | C10: 176.72672 | F10: 2015 | G10: 170.91144 | H10: 185.60693 | I10: 182.20006 | J10: 186.12943 | K10: 189.14771 | L10: 189.37603
B11: 2016 | C11: 175.95167 | F11: 2016 | G11: 170.2981 | H11: 184.93609 | I11: 181.26651 | J11: 184.83017 | K11: 187.97468 | L11: 187.95909
B12: Fuente: INEC-CCP, Estimaciones y Proyecciones de Población
B15: Por favor incluya, en el recuadro de abajo una pequeña interpretación del dato en términos de su comportamiento reciente y tendencia, asi como algun elemento que considere importante para explicar dicho comportamiento.
B18: Interpretación
B19: La relación de dependencia demográfica ha disminuido durante todo el periodo, producto principalmente del comportamiento de la población dependiente menor de 15 años, lo cual se explica por la disminución sostenida y acelerada de la fecundidad que experimenta el país. Esta disminución se traduce en aproximadamente 7 personas dependientes menos por cada 100 personas en edad productiva. Al analizar el comportamiento de este indicador por regiones de planificación, llama la atención de que a pesar de que las regiones Brunca, Huetar Caribe y Huetar Norte son las que tienen una mayor proporción de población dependiente, entre 15 y 20 personas más, por cada cien en edad productiva con respecto a la Región Central, y son estas regiones las que han experimentado una reducción más acelerada de su población dependiente.

Sheet Ficha_RDependencia demográfica
B2: FICHA TÉCNICA DE INDICADOR
B4: Nombre del indicador | C4: =+'RDependencia demográfica'!B1 -> Relación de dependencia demográfica
B5: Definición conceptual | C5: Corresponde a la relación entre la población que se considera dependiente (0-14 años y de 65 y más) en relación a la población en edad productiva.
B6: Fórmula de cálculo
B7: Unidad de medida | C7: Razón
B8: Datos requeridos
B9: Tipo de fuente de datos
B10: Persona responsable de la fuente de datos | C10: Olga Martha Araya Umaña
B11: Observaciones y comentarios
B12: Contacto de la persona responsable de reportar el indicador
B13: Nombre | C13: Marlene Sandoval
B14: Puesto | C14: Coordinadora del Centro de Información
B15: Institución | C15: Instituto Nacional de Estadística y Censos
B16: Teléfono | C16: 22809280
B17: Correo electrónico | C17: marlene.sandoval@inec.go.cr

Sheet Pob urbana y rural
A1: 5 | B1: =+Indice!B8 -> Distribución de la población por zona urbana y rural | H1: ficha técnica
H3: Año | I3: Región de planificación
B4: Año | C4: Población | E4: Porcentaje | I4: Central | K4: Chorotega | M4: Pacífico Central | O4: Brunca | Q4: Huetar Caribe | S4: Huetar Norte
C5: Urbana | D5: Rural | E5: Urbana | F5: Rural | I5: Urbano | J5: Rural | K5: Urbano | L5: Rural | M5: Urbano | N5: Rural | O5: Urbano | P5: Rural | Q5: Urbano | R5: Rural | S5: Urbano | T5: Rural
B6: 2010 | H6: 2010
B7: 2011 | C7: 3204510 | D7: 1244406 | E7: =C7/(C7+D7)*100 -> 72.029007 | F7: =D7/(D7+C7)*100 -> 27.970993 | H7: 2011 | I7: 85.908168 | J7: 14.091832 | K7: 54.544595 | L7: 45.455405 | M7: 64.484442 | N7: 35.515558 | O7: 42.330514 | P7: 57.669486 | Q7: 55.962686 | R7: 44.037314 | S7: 32.865509 | T7: 67.134491
B8: 2012 | H8: 2012
B9: 2013 | H9: 2013
B10: 2014 | H10: 2014
B11: 2015 | H11: 2015
B12: 2016 | H12: 2016
B13: Fuente: INEC, X Censo Nacional de Población, 2011.
B16: Por favor incluya, en el recuadro de abajo una pequeña interpretación del dato en términos de su comportamiento reciente y tendencia, asi como algun elemento que considere importante para explicar dicho comportamiento.
B19: Interpretación
B20: La mayor proporción de la población se concentra en la zona urbana, esto es explicado por la mayor densidad de población que se presenta en la Región Central, donde se concentra el 62,2% del total de la población del país, de la cual el 86 % de su población reside en zona urbana. Así mismo regiones como Chorotega, Pacífico Central y Huetar Caribe donde más del 55% de su población reside en zona urbana.

Sheet Ficha_Pobl urbana y rural
B2: FICHA TÉCNICA DE INDICADOR
B4: Nombre del indicador | C4: =+'Pob urbana y rural'!B1 -> Distribución de la población por zona urbana y rural
B5: Definición conceptual | C5: Se refiere a la proporción que reside en la zona o urbana o rural en relación a la población total.
B6: Fórmula de cálculo
B7: Unidad de medida | C7: Porcentaje
B8: Datos requeridos
B9: Tipo de fuente de datos
B10: Persona responsable de la fuente de datos | C10: Olga Martha Araya Umaña
B11: Observaciones y comentarios
B12: Contacto de la persona responsable de reportar el indicador
B13: Nombre | C13: Marlene Sandoval
B14: Puesto | C14: Coordinadora del Centro de Información
B15: Institución | C15: Instituto Nacional de Estadística y Censos
B16: Teléfono | C16: 22809280
B17: Correo electrónico | C17: marlene.sandoval@inec.go.cr

Sheet Pob con discapacidad
A1: 6 | B1: =+Indice!B9 -> Porcentaje de población con discapacidad | K1: ficha técnica
E3: Año | F3: Sexo | I3: Año | J3: Grupos de edades
B4: Año | C4: Porcentaje | F4: Hombre | G4: Mujer | J4: 0-12 | K4: 13-19 | L4: 20-29 | M4: 30-39 | N4: 40-49 | O4: 50-59 | P4: 60 -69 | Q4: 70 y más | S4: Año | T4: Región de planificación
B5: 2010 | E5: 2010 | I5: 2010 | T5: Central | U5: Chorotega | V5: Pacífico Central | W5: Brunca | X5: Huetar Caribe | Y5: Huetar Norte
B6: 2011 | C6: 10.423896 | E6: 2011 | F6: 48.211665 | G6: 51.788335 | I6: 2011 | J6: 6.2401038 | K6: 5.7577285 | L6: 8.5652288 | M6: 8.7815506 | N6: 15.132715 | O6: 19.056614 | P6: 15.443371 | Q6: 21.022689 | S6: 2010
B7: 2012 | E7: 2012 | I7: 2012 | S7: 2011 | T7: 61.03665 | U7: 7.8981994 | V7: 5.6825734 | W7: 8.514159 | X7: 9.5788192 | Y7: 7.2895992
B8: 2013 | E8: 2013 | I8: 2013 | S8: 2012
B9: 2014 | E9: 2014 | I9: 2014 | S9: 2013
B10: 2015 | E10: 2015 | I10: 2015 | S10: 2014
B11: 2016 | E11: 2016 | I11: 2016 | S11: 2015
B12: Fuente: INEC, X Censo Nacional de Población, 2011 | S12: 2016
B15: Por favor incluya, en el recuadro de abajo una pequeña interpretación del dato en términos de su comportamiento reciente y tendencia, así como algún elemento que considere importante para explicar dicho comportamiento.
B18: Interpretación
B19: La población con discapacidad, es decir, aquella que manifestó tener al menos una limitación permanente para llevar a cabo sus actividades cotidianas, representa el 10,2% de la población total del país, al analizar la distribución de esta población por sexo se evidencia un mayor aporte de la población femenina, que puede estar explicada por una mayor sobrevivencia de las mujeres en edades avanzadas, esto dado que la población de 60 años y más representa el 36, 5% de la población con discapacidad. Al analizar el comportamiento de este indicador a nivel de región de planificación se muestra que el 61,0% de esta población reside en la Región Central, esto dado también por que es la región más altamente poblada.

Sheet Ficha_pob con discapacidad
B2: FICHA TÉCNICA DE INDICADOR
B4: Nombre del indicador | C4: =+'Pob con discapacidad'!B1 -> Porcentaje de población con discapacidad
B5: Definición conceptual | C5: Se refiere a la proporción de población que tiene alguna limitación permanente para desarrollarse en su vida diaria en relación al total de la población
B6: Fórmula de cálculo
B7: Unidad de medida | C7: Promedio
B8: Datos requeridos | C8: Población con discapacidad y población total
B9: Tipo de fuente de datos | C9: Censo de población
B10: Persona responsable de la fuente de datos | C10: Olga Martha Araya Umaña
B11: Observaciones y comentarios
B12: Contacto de la persona responsable de reportar el indicador
B13: Nombre | C13: Marlene Sandoval
B14: Puesto | C14: Coordinadora del Centro de Información
B15: Institución | C15: Instituto Nacional de Estadística y Censos
B16: Teléfono | C16: 22809280
B17: Correo electrónico | C17: marlene.sandoval@inec.go.cr

Sheet Pob nacida en otro país
A1: 7 | B1: =+Indice!B10 -> Porcentaje de población nacida en otro país | K1: ficha técnica
E3: Año | F3: Sexo | I3: Año | J3: Grupos de edades
B4: Año | C4: Porcentaje | F4: Hombre | G4: Mujer | J4: 0-12 | K4: 13-19 | L4: 20-29 | M4: 30-39 | N4: 40-49 | O4: 50-59 | P4: 60 -69 | Q4: 70 y más | S4: Año | T4: Región de planificación
B5: 2010 | E5: 2010 | I5: 2010 | T5: Central | U5: Chorotega | V5: Pacífico Central | W5: Brunca | X5: Huetar Caribe | Y5: Huetar Norte
B6: 2011 | C6: 8.7127172 | E6: 2011 | F6: 48.160599 | G6: 51.839401 | I6: 2011 | J6: 7.5561105 | K6: 10.501446 | L6: 22.741438 | M6: 24.125925 | N6: 16.460421 | O6: 9.3845719 | P6: 5.1449322 | Q6: 4.0851557 | S6: 2010
B7: 2012 | E7: 2012 | I7: 2012 | S7: 2011 | T7: 63.302437 | U7: 7.0262223 | V7: 4.6110417 | W7: 2.985891 | X7: 8.7276812 | Y7: 13.346727
B8: 2013 | E8: 2013 | I8: 2013 | S8: 2012
B9: 2014 | E9: 2014 | I9: 2014 | S9: 2013
B10: 2015 | E10: 2015 | I10: 2015 | S10: 2014
B11: 2016 | E11: 2016 | I11: 2016 | S11: 2015
B12: Fuente: INEC, X Censo de Población y Vivienda, 2011 | S12: 2016
B15: Por favor incluya, en el recuadro de abajo una pequeña interpretación del dato en términos de su comportamiento reciente y tendencia, asi como algun elemento que considere importante para explicar dicho comportamiento.
B18: Interpretación
B19: La población nacida en otro país, o migrante internacional representa aproximadamente el 9% de la población total del país. Al analizar la distribución por sexo de esta población se muestra una mayor contribución de la población femenina, representando aproximadamente el 52%. Con respecto a la distribución por edades más del 70% de población nacida en otro país se encuentra en edad productiva y el 63% reside en la Región Central.

Sheet Ficha_pob nacida en otro país
B2: FICHA TÉCNICA DE INDICADOR
B4: Nombre del indicador | C4: =+'Pob nacida en otro país'!B1 -> Porcentaje de población nacida en otro país
B5: Definición conceptual | C5: Se refiere a la proporción de la población total que ha nacido en otro país. Se considera migrante internacional.
B6: Fórmula de cálculo
B7: Unidad de medida | C7: Porcentaje
B8: Datos requeridos | C8: Total de población por lugar de residencia de la madre en el momento del nacimiento y población total
B9: Tipo de fuente de datos | C9: X Censo de Población
B10: Persona responsable de la fuente de datos | C10: Olga Martha Araya Umaña
B11: Observaciones y comentarios
B12: Contacto de la persona responsable de reportar el indicador
B13: Nombre | C13: Marlene Sandoval
B14: Puesto | C14: Coordinadora del Centro de Información
B15: Institución | C15: Instituto Nacional de Estadística y Censos
B16: Teléfono | C16: 22809280
B17: Correo electrónico | C17: marlene.sandoval@inec.go.cr

Sheet Esperanza de vida al nacer
A1: 8 | B1: =+Indice!B11 -> Esperanza de vida al nacer | G1: ficha técnica
B4: Año | C4: E0 | E4: Año | F4: Sexo
B5: 2010 | C5: 79.1145 | F5: Hombres | G5: Mujeres
B6: 2011 | C6: 79.11395 | E6: 2010 | F6: 76.6355 | G6: 81.5935
B7: 2012 | C7: 79.4342 | E7: 2011 | F7: 76.6347 | G7: 81.5932
B8: 2013 | C8: 79.59025 | E8: 2012 | F8: 76.9348 | G8: 81.9336
B9: 2014 | C9: 79.7437 | E9: 2013 | F9: 77.0815 | G9: 82.099
B10: 2015 | C10: 79.8946 | E10: 2014 | F10: 77.226 | G10: 82.2614
B11: 2016 | C11: 80.0431 | E11: 2015 | F11: 77.3684 | G11: 82.4208
B12: Fuente: INEC-CCP, Estimaciones y Proyecciones de Población. | E12: 2016 | F12: 77.5088 | G12: 82.5774
B15: Por favor incluya, en el recuadro de abajo una pequeña interpretación del dato en términos de su comportamiento reciente y tendencia, así como algún elemento que considere importante para explicar dicho comportamiento.
B18: Interpretación
B19: La esperanza de vida al nacer en Costa Rica, ha aumentado en promedio un año en los últimos 7 años, pasando de 79 en 2010 a 80 años en 2016. Lo anterior, debido en gran medida a la disminución sostenida de la mortalidad infantil Dado que la mortalidad tiene un efecto diferencial por sexo, hace que la esperanza de vida al nacer de las mujeres sea mayor que la de los hombres, aunque la ganancia de 1 año se da tanto para hombres como para mujeres.

Sheet Ficha_esperanza de vida al nace
B2: FICHA TÉCNICA DE INDICADOR
B4: Nombre del indicador | C4: =+'Esperanza de vida al nacer'!B1 -> Esperanza de vida al nacer
B5: Definición conceptual | C5: Esta es una medida hipotética que corresponde al número de años en promedio se espera que viva una persona de una cohorte hipotética si las tasas de mortalidad por edad específica para un año determinado permanecieran durante el resto de su vida. Es un indicador derivado de las tablas de vida.
B6: Fórmula de cálculo | C6: Donde: Tx es el número total de años vividos por la población desde la edadx lx corresponde a los supervivientes a la edad exacta X
B7: Unidad de medida | C7: Años en promedio (medida hipotética)
B8: Datos requeridos | C8: Tablas completas de mortalidad
B9: Tipo de fuente de datos | C9: Estimaciones y proyecciones de población
B10: Persona responsable de la fuente de datos | C10: Olga Martha Araya Umaña
B11: Observaciones y comentarios
B12: Contacto de la persona responsable de reportar el indicador
B13: Nombre | C13: Marlene Sandoval
B14: Puesto | C14: Coordinadora del Centro de Información
B15: Institución | C15: Instituto Nacional de Estadística y Censos
B16: Teléfono | C16: 22809280
B17: Correo electrónico | C17: marlene.sandoval@inec.go.cr

Sheet TBN
A1: 9 | B1: =+Indice!B12 -> Tasa bruta de natalidad | L1: ficha técnica
F3: Año | G3: Región de planificación
B4: Año | C4: Tasa | G4: Central | H4: Chorotega | I4: Pacífico Central | J4: Brunca | K4: Huetar Caribe | L4: Huetar Norte
B5: 2010 | C5: 15.642624 | F5: 2010 | G5: 14.485333 | H5: 19.376685 | I5: 15.649397 | J5: 16.947678 | K5: 19.644735 | L5: 15.505103 | M5: =(G11-G6)/G5*100 -> -10.20525 | N5: =(H11-H5)/H5*100 -> -19.55271 | O5: =(I11-I5)/I5*100 -> -7.0133303 | P5: =(J11-J5)/J5*100 -> -9.9588555 | Q5: =(K11-K5)/K5*100 -> -9.6621708 | R5: =(L11-L5)/L5*100 -> 12.776485
B6: 2011 | C6: 15.996657 | F6: 2011 | G6: 14.598847 | H6: 17.353269 | I6: 16.816787 | J6: 18.052546 | K6: 19.610893 | L6: 19.202309
B7: 2012 | C7: 15.760725 | F7: 2012 | G7: 14.284452 | H7: 17.095783 | I7: 15.697242 | J7: 17.681106 | K7: 20.225183 | L7: 19.381557
B8: 2013 | C8: 14.968713 | F8: 2013 | G8: 13.676151 | H8: 16.105988 | I8: 15.253699 | J8: 15.843137 | K8: 19.208149 | L8: 18.277857
B9: 2014 | C9: 15.041108 | F9: 2014 | G9: 13.670786 | H9: 16.614379 | I9: 15.227542 | J9: 16.750677 | K9: 18.701107 | L9: 18.449099
B10: 2015 | C10: 14.862505 | F10: 2015 | G10: 13.626218 | H10: 16.055611 | I10: 14.907839 | J10: 15.928493 | K10: 18.723343 | L10: 18.024555
B11: 2016 | C11: 14.314657 | F11: 2016 | G11: 13.120583 | H11: 15.588018 | I11: 14.551853 | J11: 15.259883 | K11: 17.746627 | L11: 17.48611
B12: Fuente: INEC, Estadísticas Vitales.
B15: Por favor incluya, en el recuadro de abajo una pequeña interpretación del dato en términos de su comportamiento reciente y tendencia, así como algún elemento que considere importante para explicar dicho comportamiento.
B17: Interpretación
B18: Costa Rica ha experimentado una disminución sostenida de la fecundidad, lo cual impacta directamente en la natalidad, en los últimos 7 años, nacieron, aproximadamente, dos niños o niñas menos por cada mil habitantes, es decir, en 2010 nacían 16 niños o niñas por cada mil habitantes y en el 2016 esta relación pasó a 14. Al analizar el comportamiento de la natalidad a nivel de regiones, se observa que este patrón de descenso no es para todas las regiones. La Región Brunca muestra un comportamiento irregular y en menor medida la Huetar Norte. También llama la atención que para el 2016, si bien la Región Central, la Pacífico Central y la Brunca son las que presentan la tasa bruta de natalidad más baja, son las regiones Chorotega y Central las que ha experimentaron una disminución más acelerada.

Sheet Ficha_TBN
B2: FICHA TÉCNICA DE INDICADOR
B4: Nombre del indicador | C4: =+TBN!B1 -> Tasa bruta de natalidad
B5: Definición conceptual | C5: Se define como la relación entre los nacimientos ocurridos en un tiempo y lugar determinados en relación a la población total de ese lugar y en es momento.
B6: Fórmula de cálculo
B7: Unidad de medida | C7: Tasa
B8: Datos requeridos | C8: Nacimientos y población total
B9: Tipo de fuente de datos | C9: Estadísticas Vitales y Estimaciones y Proyecciones de Población
B10: Persona responsable de la fuente de datos | C10: Olga Martha Araya Umaña
B11: Observaciones y comentarios
B12: Contacto de la persona responsable de reportar el indicador
B13: Nombre | C13: Marlene Sandoval
B14: Puesto | C14: Coordinadora del Centro de Información
B15: Institución | C15: Instituto Nacional de Estadística y Censos
B16: Teléfono | C16: 22809280
B17: Correo electrónico | C17: marlene.sandoval@inec.go.cr

Sheet TBM
A1: 10 | B1: =+Indice!B13 -> Tasa bruta de mortalidad | L1: ficha técnica
F3: Año | G3: Región de Planificación
B4: Año | C4: Tasa | G4: Central | H4: Chorotega | I4: Pacífico Central | J4: Brunca | K4: Huetar Caribe | L4: Huetar Norte
B5: 2010 | C5: 4.2076414 | F5: 2010 | G5: 4.3994447 | H5: 5.0524668 | I5: 4.4350992 | J5: 4.1035189 | K5: 3.7210975 | L5: 2.3227433
B6: 2011 | C6: 4.0941634 | F6: 2011 | G6: 4.3167195 | H6: 4.2981949 | I6: 4.1477581 | J6: 3.8268866 | K6: 3.6582046 | L6: 2.8217134
B7: 2012 | C7: 4.126857 | F7: 2012 | G7: 4.2835821 | H7: 4.4978329 | I7: 4.221265 | J7: 3.987168 | K7: 3.7802286 | L7: 2.9762562
B8: 2013 | C8: 4.1683251 | F8: 2013 | G8: 4.3772517 | H8: 4.4556888 | I8: 4.2067707 | J8: 3.9600765 | K8: 3.6636539 | L8: 2.9777923
B9: 2014 | C9: 4.307456 | F9: 2014 | G9: 4.499365 | H9: 4.6655866 | I9: 4.7163988 | J9: 4.0634083 | K9: 3.6159522 | L9: 3.1680806
B10: 2015 | C10: 4.3536862 | F10: 2015 | G10: 4.5494929 | H10: 4.8667458 | I10: 4.5134153 | J10: 4.0943056 | K10: 3.8014131 | L10: 3.0816761
B11: 2016 | C11: 4.6215298 | F11: 2016 | G11: 4.8117352 | H11: 5.1592057 | I11: 4.7171468 | J11: 4.3500774 | K11: 4.0932729 | L11: 3.4090011
B12: Fuente: INEC, Estadísticas Vitales
B15: Por favor incluya, en el recuadro de abajo una pequeña interpretación del dato en términos de su comportamiento reciente y tendencia, así como algún elemento que considere importante para explicar dicho comportamiento.
B17: Interpretación
B18: La mortalidad en el país ha experimentado un leve aumento, producto del proceso de envejecimiento de la población, el cual se explica principalmente por un descenso de las tasas de fecundidad y un aumento de la esperanza de vida de la población. En los últimos siete años se tiene una muerte más por cada mil habitantes. Este patrón de crecimiento de la TBM se observa también en las seis regiones, si bien las regiones Huetar Norte y Huetar Caribe presentan lasa tasas más bajas, su ritmo de crecimiento ha sido más acelerado.

Sheet Ficha_TBM
B2: FICHA TÉCNICA DE INDICADOR
B4: Nombre del indicador | C4: =+TBM!B1 -> Tasa bruta de mortalidad
B5: Definición conceptual | C5: Se define como la relación entre las defunciones ocurridas en un tiempo y lugar determinados en relación a la población total de ese lugar y en es momento.
B6: Fórmula de cálculo
B7: Unidad de medida | C7: Tasa
B8: Datos requeridos | C8: Defunciones y población total
B9: Tipo de fuente de datos | C9: Estadísticas Vitales y Estimaciones y Proyecciones de Población
B10: Persona responsable de la fuente de datos | C10: Olga Martha Araya Umaña
B11: Observaciones y comentarios
B12: Contacto de la persona responsable de reportar el indicador
B13: Nombre | C13: Marlene Sandoval
B14: Puesto | C14: Coordinadora del Centro de Información
B15: Institución | C15: Instituto Nacional de Estadística y Censos
B16: Teléfono | C16: 22809280
B17: Correo electrónico | C17: marlene.sandoval@inec.go.cr

Sheet TGF
A1: 11 | B1: =+Indice!B14 -> Tasa global de fecundidad | L1: ficha técnica
F3: Año | G3: Región de Planificación
B4: Año | C4: Tasa | G4: Central | H4: Chorotega | I4: Pacífico Central | J4: Brunca | K4: Huetar Caribe | L4: Huetar Norte
B5: 2010 | C5: 1.81 | D5: =+(C11-C5)/C5*100 -> -5.7201978 | F5: 2010 | G5: 1.5301372 | H5: 2.0805965 | I5: 1.6585029 | J5: 1.9469881 | K5: 2.28187 | L5: 1.7720892 | N5: =+(G11-G5)/G5*100 -> -4.9513485 | O5: =+(H11-H5)/H5*100 -> -16.419488 | P5: =+(I11-I5)/I5*100 -> -3.1974103 | Q5: =+(J11-J5)/J5*100 -> -9.353222 | R5: =+(K11-K5)/K5*100 -> -8.3468296 | S5: =+(L11-L5)/L5*100 -> 11.353591
B6: 2011 | C6: 1.8585685 | F6: 2011 | G6: 1.5449516 | H6: 2.139338 | I6: 1.7683047 | J6: 2.0653625 | K6: 2.3679676 | L6: 1.7717368
B7: 2012 | C7: 1.8402489 | F7: 2012 | G7: 1.5150106 | H7: 2.116125 | I7: 1.6644313 | J7: 2.0239765 | K7: 2.4423448 | L7: 1.7779512
B8: 2013 | C8: 1.7561164 | F8: 2013 | G8: 1.4652544 | H8: 2.0139974 | I8: 1.628449 | J8: 1.8174745 | K8: 2.3253198 | L8: 1.6764183
B9: 2014 | C9: 1.7740311 | F9: 2014 | G9: 1.4808707 | H9: 1.8278697 | I9: 1.6434139 | J9: 1.9232836 | K9: 2.1766554 | L9: 2.0801426
B10: 2015 | C10: 1.7632568 | F10: 2015 | G10: 1.4926104 | H10: 1.7751392 | I10: 1.6296748 | J10: 1.8362815 | K10: 2.1974602 | L10: 2.0366246
B11: 2016 | C11: 1.7064644 | F11: 2016 | G11: 1.4543748 | H11: 1.7389732 | I11: 1.6054738 | J11: 1.764882 | K11: 2.0914062 | L11: 1.9732849
B12: Fuente: INEC, Estadísticas Vitales
B15: Por favor incluya, en el recuadro de abajo una pequeña interpretación del dato en términos de su comportamiento reciente y tendencia, así como algún elemento que considere importante para explicar dicho comportamiento.
B17: Interpretación
B18: La tasa global de fecundidad corresponde a una medida hipotética del nivel de fecundidad de una población en un momento dado, se define como el número promedio de hijos e hijas que tendrían las mujeres al final del periodo reproductivo, si estuviese sometida a las tasas de fecundidad por edad observadas para un momento dado. El país ha experimentado una baja sostenida de la fecundidad, en los últimos 7 años este indicador ha disminuido en 5,7%. Al analizar este indicador por regiones, se observa el mismo patrón de disminución en la mayoría de las regiones, a excepción de la región Huetar Norte que ha presentado un comportamiento irregular. Este patrón de decrecimiento se ha presentado de manera más acelerada en las regiones Chorotega, Brunca y Huetar Caribe.

Sheet Ficha_TGF
B2: FICHA TÉCNICA DE INDICADOR
B4: Nombre del indicador | C4: =+TGF!B1 -> Tasa global de fecundidad
B5: Definición conceptual | C5: Corresponde a una medida hipotética referida al promedio de hijos e hijas que tendría una mujer al final de su periodo reproductivo, si experimentará a lo largo del mismo los niveles de fecundidad observados en un año determinado.
B6: Fórmula de cálculo
B7: Unidad de medida | C7: Tasa
B8: Datos requeridos | C8: Defunciones y población total
B9: Tipo de fuente de datos | C9: Estadísticas Vitales y Estimaciones y Proyecciones de Población
B10: Persona responsable de la fuente de datos | C10: Olga Martha Araya Umaña
B11: Observaciones y comentarios
B12: Contacto de la persona responsable de reportar el indicador
B13: Nombre | C13: Marlene Sandoval
B14: Puesto | C14: Coordinadora del Centro de Información
B15: Institución | C15: Instituto Nacional de Estadística y Censos
B16: Teléfono | C16: 22809280
B17: Correo electrónico | C17: marlene.sandoval@inec.go.cr

Sheet F adolescente
A1: 12 | B1: =+Indice!B15 -> Tasa de fecundidad adolescente | K1: ficha técnica
E3: Año | F3: Región de Planificación | M3: Año | N3: Grupos de edades
B4: Año | C4: Tasa | F4: Central | G4: Chorotega | H4: Pacífico Central | I4: Brunca | J4: Huetar Caribe | K4: Huetar Norte | N4: menores de 15 | O4: 15-19
B5: 2010 | C5: 38.448821 | E5: 2010 | F5: 28.777407 | G5: 45.017366 | H5: 36.375124 | I5: 67.401347 | J5: 93.139373 | K5: 62.92337 | M5: 2010 | N5: 2.1732713 | O5: 62.758681
B6: 2011 | C6: 40.291678 | E6: 2011 | F6: 29.388101 | G6: 47.188688 | H6: 43.196836 | I6: 72.48397 | J6: 98.062438 | K6: 65.172271 | M6: 2011 | N6: 2.4405468 | O6: 65.426085
B7: 2012 | C7: 41.592311 | E7: 2012 | F7: 30.158311 | G7: 50.47964 | H7: 39.556177 | I7: 75.564058 | J7: 101.30396 | K7: 69.587497 | M7: 2012 | N7: 2.7055654 | O7: 67.140318
B8: 2013 | C8: 38.37748 | E8: 2013 | F8: 27.761477 | G8: 47.662633 | H8: 38.353048 | I8: 65.294051 | J8: 92.81395 | K8: 63.637747 | M8: 2013 | N8: 2.5051462 | O8: 61.589636
B9: 2014 | C9: 37.450672 | E9: 2014 | F9: 26.664464 | G9: 37.156869 | H9: 37.401934 | I9: 66.325651 | J9: 88.907547 | K9: 78.567128 | M9: 2014 | N9: 2.7229351 | O9: 59.748484
B10: 2015 | C10: 35.144118 | E10: 2015 | F10: 25.249775 | G10: 37.376756 | H10: 33.366991 | I10: 62.098129 | J10: 83.306321 | K10: 67.273897 | M10: 2015 | N10: 2.3647209 | O10: 55.880238
B11: 2016 | C11: 33.446926 | E11: 2016 | F11: 23.65181 | G11: 35.819869 | H11: 32.934683 | I11: 57.837679 | J11: 74.293929 | K11: 71.548738 | M11: 2016 | N11: 1.9441648 | O11: 53.17839
B12: Fuente: INEC, Estadísticas Vitales | F12: =+(F11-F7/F7*100) -> -76.34819 | G12: =+(G11-G7/G7*100) -> -64.180131 | H12: =+(H11-H7/H7*100) -> -67.065317 | I12: =+(I11-I7/I7*100) -> -42.162321 | J12: =+(J11-J7/J7*100) -> -25.706071 | K12: =+(K11-K7/K7*100) -> -28.451262
B15: Por favor incluya, en el recuadro de abajo una pequeña interpretación del dato en términos de su comportamiento reciente y tendencia, así como algún elemento que considere importante para explicar dicho comportamiento.
B17: Interpretación
B18: La fecundidad adolescente (menores de 20 años) ha disminuido en los últimos 4 años, pasó en el 2012 de 42 en 2012, a 33 nacimientos de mujeres menores de 20 años, por cada mil mujeres en esa misma edad en 2016; es decir, 9 nacimientos menos por cada 100 mujeres en esa edad. Al analizar este indicador a nivel de regiones se muestra el mismo patrón de descenso, a excepción de la Región Huetar Norte que presenta un comportamiento irregular. Las regiones que lograron un descenso más acelerado fueron la Región Central, la Pacífico Central y Chorotega.

Sheet Ficha_F adolescente
B2: FICHA TÉCNICA DE INDICADOR
B4: Nombre del indicador | C4: =+'F adolescente'!B1 -> Tasa de fecundidad adolescente
B5: Definición conceptual | C5: Se refiere al nivel de fecundidad de las mujeres menores de 20 años. Es la relación entre los nacimientos cuyas madres eran menores de 20 años, entre la población femenina de este rango de edad.
B6: Fórmula de cálculo
B7: Unidad de medida | C7: Tasa
B8: Datos requeridos | C8: Nacimientos por edad de la madre y población femenina de 15 a 19 años
B9: Persona responsable de la fuente de datos | C9: Olga Martha Araya Umaña
B10: Tipo de fuente de datos | C10: Estadísticas Vitales y Estimaciones y Proyecciones de Población
B11: Observaciones y comentarios
B12: Contacto de la persona responsable de reportar el indicador
B13: Nombre | C13: Marlene Sandoval
B14: Puesto | C14: Coordinadora del Centro de Información
B15: Institución | C15: Instituto Nacional de Estadística y Censos
B16: Teléfono | C16: 22809280
B17: Correo electrónico | C17: marlene.sandoval@inec.go.cr

Sheet Nacim de uniones impropias
A1: 13 | B1: =+Indice!B16 -> Porcentaje de nacimientos de madres menores de edad, en una unión impropia | K1: ficha técnica
E3: Año | F3: Región de Planificación
B4: Año | C4: Porcentaje | F4: Central | G4: Chorotega | H4: Pacífico Central | I4: Brunca | J4: Huetar Caribe | K4: Huetar Norte
B5: 2010 | C5: 67.686926 | D5: =+AVERAGE(C5:C11) -> 67.831806 | E5: 2010 | F5: 64.564831 | G5: 67.346939 | H5: 69.090909 | I5: 71.052632 | J5: 72.57384 | K5: 73.333333
B6: 2011 | C6: 69.722814 | E6: 2011 | F6: 64.834123 | G6: 70.434783 | H6: 69.105691 | I6: 74.698795 | J6: 75.438596 | K6: 78.346457
B7: 2012 | C7: 67.078025 | E7: 2012 | F7: 64.40102 | G7: 67.181467 | H7: 66.824645 | I7: 71.428571 | J7: 71.659919 | K7: 69.354839
B8: 2013 | C8: 69.268078 | E8: 2013 | F8: 64.292322 | G8: 73.134328 | H8: 75.141243 | I8: 74.750831 | J8: 73.279352 | K8: 72.796935
B9: 2014 | C9: 66.618357 | E9: 2014 | F9: 65.348595 | G9: 65.306122 | H9: 67.105263 | I9: 70.954357 | J9: 66.808511 | K9: 67.719298
B10: 2015 | C10: 67.334778 | E10: 2015 | F10: 66.745283 | G10: 64.634146 | H10: 64.748201 | I10: 70.892019 | J10: 63.675214 | K10: 72.983871
B11: 2016 | C11: 67.113665 | E11: 2016 | F11: 63.661972 | G11: 68.571429 | H11: 67.28972 | I11: 69.047619 | J11: 69.871795 | K11: 72.839506
B12: Fuente: INEC, Estadísticas Vitales
B15: Por favor incluya, en el recuadro de abajo una pequeña interpretación del dato en términos de su comportamiento reciente y tendencia, así como algún elemento que considere importante para explicar dicho comportamiento.
B17: Interpretación
B18: El porcentaje de nacimientos de madres menores de edad cuyo padre es 5 años mayor, es decir, nacimientos que se dan dentro de una relación impropia, tipificado como delito a partir del año 2017, mediante la ley No. 9406, se ha mantenido cercano al 67,8% en el periodo 2010-2016. Al analizar este indicador por regiones se observa que las regiones con mayor porcentaje de nacimientos en esta condición son las regiones fronterizas como la región Huetar Norte y Brunca, así como la región Huetar Caribe. Si bien, al comparar el 2010 y el 2016 se observan reducciones en todas la regiones, este comportamiento no es regular, pues se presentan fluctuaciones importantes.

Sheet Ficha_Nacim de uniones impropia
B2: FICHA TÉCNICA DE INDICADOR
B4: Nombre del indicador | C4: =+'Nacim de uniones impropias'!B1 -> Porcentaje de nacimientos de madres menores de edad, en una unión impropia
B5: Definición conceptual | C5: Se refire a los nacimientos de madres menores de edad que ocurren en el contexto de una relación impropia, es decir, en que el padre es 5 años o más mayor.
B6: Fórmula de cálculo
B7: Unidad de medida | C7: Porcentaje
B8: Datos requeridos | C8: Nacimientos por edad de la madre y del padre
B9: Tipo de fuente de datos | C9: Estadísticas Vitales
B10: Persona responsable de fuente de datos | C10: Olga Martha Araya Umaña
B11: Observaciones y comentarios
B12: Contacto de la persona responsable de reportar el indicador
B13: Nombre | C13: Marlene Sandoval
B14: Puesto | C14: Coordinadora del Centro de Información
B15: Institución | C15: Instituto Nacional de Estadística y Censos
B16: Teléfono | C16: 22809280
B17: Correo electrónico | C17: marlene.sandoval@inec.go.cr

Sheet Tamaño promedio de los hogares
A1: 14 | B1: =+[1]Indice!B17 -> Tamaño promedio de los hogares | K1: ficha técnica
E3: Año | F3: Región de Planificación
B4: Año | C4: Promedio | F4: Central | G4: Chorotega | H4: Pacífico Central | I4: Brunca | J4: Huetar Caribe | K4: Huetar Norte
B5: 2010 | C5: 3.5088905 | E5: 2010 | F5: 3.4870651 | G5: 3.6629316 | H5: 3.3575045 | I5: 3.50982 | J5: 3.5328405 | K5: 3.6373698
B6: 2011 | C6: 3.4500337 | E6: 2011 | F6: 3.4383313 | G6: 3.4910802 | H6: 3.384334 | I6: 3.4611613 | J6: 3.4164046 | K6: 3.5888312
B7: 2012 | C7: 3.4095534 | E7: 2012 | F7: 3.3860908 | G7: 3.4445883 | H7: 3.36633 | I7: 3.39166 | J7: 3.475111 | K7: 3.5462699
B8: 2013 | C8: 3.4030458 | E8: 2013 | F8: 3.3705685 | G8: 3.5564793 | H8: 3.2943064 | I8: 3.4105805 | J8: 3.4684713 | K8: 3.5291745
B9: 2014 | C9: 3.3409226 | E9: 2014 | F9: 3.3627734 | G9: 3.3574608 | H9: 3.2916876 | I9: 3.2521675 | J9: 3.2992678 | K9: 3.3251246
B10: 2015 | C10: 3.2589795 | E10: 2015 | F10: 3.3195541 | G10: 3.2958021 | H10: 3.2145785 | I10: 3.2120474 | J10: 3.2966882 | K10: 3.2927623
B11: 2016 | C11: 3.29909 | E11: 2016 | F11: 3.2598628 | G11: 3.2466851 | H11: 3.1638565 | I11: 3.1651652 | J11: 3.3082176 | K11: 3.3735437
B12: 2017 | C12: 3.2382987 | E12: 2017 | F12: 3.2382352 | G12: 3.2055863 | H12: 3.1780561 | I12: 3.1478794 | J12: 3.2858655 | K12: 3.3507741
B13: Fuente: INEC, Encuesta Nacional de Hogares.
B16: Por favor incluya, en el recuadro de abajo una pequeña interpretación del dato en términos de su comportamiento reciente y tendencia, así como algún elemento que considere importante para explicar dicho comportamiento.
B18: Interpretación
B19: El Tamaño promedio de los hogares en Costa Rica ha mostrado una clara tendencia a la baja en los últimos años, esta se puede notar en todas las regiones de planificación y aunque un poco menos evidente, también en el nivel socioeconómico de los hogares. La reducción en el tamaño de los hogares tiene un impacto importante en estadísticos económicos, como el nivel de pobreza, la distribución del ingreso, entre otros, esto debido a que varios estadísticos se calculan a partir del ingreso per cápita del hogar.

Sheet Ficha_tamaño promedio de los ho
B2: FICHA TÉCNICA DE INDICADOR
B4: Nombre del indicador | C4: =+'[1]Tamaño promedio de los hogares'!B1 -> Tamaño promedio de los hogares
B5: Definición conceptual | C5: Indica en promedio cuál es el tamaño de los hogares costarricenses. (Excluye servicio doméstico y pensionistas)
B6: Fórmula de cálculo
B7: Unidad de medida | C7: Promedio
B8: Datos requeridos | C8: Número de miembros por hogar y total de hogares
B9: Tipo de fuente de datos | C9: Encuesta Nacional de Hogares
B10: Persona responsable de la fuente de datos | C10: Eddy Madrigal Meléndez
B11: Observaciones y comentarios
B12: Contacto de la persona responsable de reportar el indicador
B13: Nombre | C13: Marlene Sandoval
B14: Puesto | C14: Coordinadora del Centro de Información
B15: Institución | C15: Instituto Nacional de Estadística y Censos
B16: Teléfono | C16: 22809280
B17: Correo electrónico | C17: marlene.sandoval@inec.go.cr

Sheet Jefatura de hogar
A1: 15 | B1: =+[1]Indice!B18 -> Porcentaje de hogares por tipo de jefatura | K1: ficha técnica
B3: Año | C3: Sexo de la jefatura | G3: Año | H3: Región de Planificación
C4: Hombre | D4: Mujer | E4: Compartida | H4: Central | K4: Chorotega | N4: Pacífico Central | Q4: Brunca | T4: Huetar Caribe | W4: Huetar Norte
B5: 2010 | C5: 58.228035 | D5: 32.661157 | E5: 9.1108083 | H5: Hombre | I5: Mujer | J5: Compartida | K5: Hombre | L5: Mujer | M5: Compartida | N5: Hombre | O5: Mujer | P5: Compartida | Q5: Hombre | R5: Mujer | S5: Compartida | T5: Hombre | U5: Mujer | V5: Compartida | W5: Hombre | X5: Mujer | Y5: Compartida
B6: 2011 | C6: 58.569939 | D6: 33.103193 | E6: 8.326868 | G6: 2010 | H6: 56.346476 | I6: 34.270888 | J6: 9.3826351 | K6: 58.96575 | L6: 35.460892 | M6: 5.5733589 | N6: 63.311153 | O6: 31.338444 | P6: 5.3504027 | Q6: 60.415398 | R6: 28.653452 | S6: 10.93115 | T6: 61.833929 | U6: 31.81294 | V6: 6.3531305 | W6: 67.358822 | X6: 28.38816 | Y6: 4.2530177
B7: 2012 | C7: 57.04726 | D7: 33.620543 | E7: 9.3321962 | G7: 2011 | H7: 56.346476 | I7: 34.270888 | J7: 9.3826351 | K7: 58.96575 | L7: 35.460892 | M7: 5.5733589 | N7: 63.311153 | O7: 31.338444 | P7: 5.3504027 | Q7: 60.415398 | R7: 28.653452 | S7: 10.93115 | T7: 61.833929 | U7: 31.81294 | V7: 6.3531305 | W7: 67.358822 | X7: 28.38816 | Y7: 4.2530177
B8: 2013 | C8: 53.479113 | D8: 33.992259 | E8: 12.528628 | G8: 2012 | H8: 55.367803 | I8: 33.697677 | J8: 10.93452 | K8: 52.86173 | L8: 38.024008 | M8: 9.1142617 | N8: 62.121557 | O8: 33.954789 | P8: 3.9236533 | Q8: 58.864355 | R8: 30.58275 | S8: 10.552895 | T8: 63.437719 | U8: 33.373118 | V8: 3.189163 | W8: 62.021545 | X8: 31.708178 | Y8: 6.2702777
B9: 2014 | C9: 50.411809 | D9: 33.477093 | E9: 16.111098 | G9: 2013 | H9: 52.374014 | I9: 34.329161 | J9: 13.296825 | K9: 51.784799 | L9: 36.024689 | M9: 12.190513 | N9: 55.572033 | O9: 34.398551 | P9: 10.029416 | Q9: 56.243171 | R9: 30.053086 | S9: 13.703743 | T9: 58.041568 | U9: 34.064149 | V9: 7.8942834 | W9: 54.590296 | X9: 32.747677 | Y9: 12.662027
B10: 2015 | C10: 51.369607 | D10: 31.96367 | E10: 16.666724 | G10: 2014 | H10: 48.41076 | I10: 33.942521 | J10: 17.646719 | K10: 50.291774 | L10: 36.802828 | M10: 12.905398 | N10: 52.312325 | O10: 34.481728 | P10: 13.205946 | Q10: 50.467264 | R10: 31.634329 | S10: 17.898407 | T10: 55.948821 | U10: 32.269154 | V10: 11.782026 | W10: 58.299449 | X10: 29.141345 | Y10: 12.559206
B11: 2016 | C11: 44.579508 | D11: 31.252067 | E11: 24.168425 | G11: 2015 | H11: 49.129173 | I11: 33.107889 | J11: 17.762937 | K11: 52.34135 | L11: 31.348044 | M11: 16.310606 | N11: 53.30708 | O11: 28.543874 | P11: 18.149045 | Q11: 55.758694 | R11: 29.308276 | S11: 14.93303 | T11: 56.245626 | U11: 34.679922 | V11: 9.0744516 | W11: 56.661242 | X11: 25.720771 | Y11: 17.617987
B12: 2017 | C12: 42.941093 | D12: 31.31949 | E12: 25.739417 | G12: 2016 | H12: 42.020834 | I12: 32.272498 | J12: 25.706668 | K12: 49.011228 | L12: 30.745652 | M12: 20.243121 | N12: 57.222247 | O12: 28.143933 | P12: 14.63382 | Q12: 44.362769 | R12: 29.413777 | S12: 26.223454 | T12: 46.382623 | U12: 31.552092 | V12: 22.065285 | W12: 49.101022 | X12: 27.435864 | Y12: 23.463114
B13: Fuente: INEC, Encuesta Nacional de Hogares. | G13: 2017 | H13: 40.924434 | I13: 31.918242 | J13: 27.157324 | K13: 41.845081 | L13: 30.614744 | M13: 27.540175 | N13: 47.226499 | O13: 30.400739 | P13: 22.372762 | Q13: 39.573628 | R13: 30.977781 | S13: 29.448591 | T13: 46.571894 | U13: 32.022805 | V13: 21.405301 | W13: 55.903999 | X13: 27.498846 | Y13: 16.597155
B16: Por favor incluya, en el recuadro de abajo una pequeña interpretación del dato en términos de su comportamiento reciente y tendencia, asi como algun elemento que considere importante para explicar dicho comportamiento.
B18: Interpretación

Sheet Ficha_Jefatura de hogar
B2: FICHA TÉCNICA DE INDICADOR
B4: Nombre del indicador | C4: =+'Jefatura de hogar'!B1 -> Porcentaje de hogares por tipo de jefatura
B5: Definición conceptual
B6: Fórmula de cálculo
B7: Unidad de medida | C7: Porcentaje
B8: Datos requeridos | C8: total de hogares por sexo de jefatura y tipo de hogar
B9: Tipo de fuente de datos | C9: Encuesta Nacional de Hogares
B10: Persona responsable de la fuente | C10: Eddy Madrigal
B11: Observaciones y comentarios
B12: Contacto de la persona responsable de reportar el indicador
B13: Nombre | C13: Marlene Sandoval
B14: Puesto | C14: Coordinadora del Centro de Información
B15: Institución | C15: Instituto Nacional de Estadística y Censos
B16: Teléfono | C16: 22809280
B17: Correo electrónico | C17: marlene.sandoval@inec.go.cr

Sheet Gasto social de los hogares
A1: 16 | B1: =+Indice!B21 -> Distribución del gasto social de los hogares | K1: ficha técnica
B3: Año | C3: Porcentaje del gasto
C4: Alimentos | D4: Vivienda | E4: Salud | F4: Educación
B5: 2010
B6: 2011
B7: 2012
B8: 2013
B9: 2014
B10: 2015
B11: 2016
B12: Fuente: INEC, Encuesta Nacional de Ingresos y Gastos de los Hogares
B15: Por favor incluya, en el recuadro de abajo una pequeña interpretación del dato en términos de su comportamiento reciente y tendencia, asi como algun elemento que considere importante para explicar dicho comportamiento.
B17: Interpretación
B18: Este indicador no puede calcularse vía encuesta, se propone solicitarlo al BCCR vía cuentas nacionales

Sheet Ficha_gasto social de los hogar
B2: FICHA TÉCNICA DE INDICADOR
B4: Nombre del indicador | C4: =+'Gasto social de los hogares'!B1 -> Distribución del gasto social de los hogares
B5: Definición conceptual
B6: Fórmula de cálculo
B7: Unidad de medida | C7: Porcentaje
B8: Datos requeridos | C8: Gasto de los hogares por tipo
B9: Tipo de fuente de datos | C9: Encuesta Nacional de Ingresos y Gastos de los Hogares
B10: Persona responsable de la fuente de datos | C10: Annia Chaves
B11: Observaciones y comentarios
B12: Contacto de la persona responsable de reportar el indicador
B13: Nombre | C13: Marlene Sandoval
B14: Puesto | C14: Coordinadora del Centro de Información
B15: Institución | C15: Instituto Nacional de Estadística y Censos
B16: Teléfono | C16: 22809280
B17: Correo electrónico | C17: marlene.sandoval@inec.go.cr

Sheet Población en pobreza_línea
A1: 17 | B1: =+[1]Indice!B22 -> Porcentaje de población en pobreza | G1: ficha técnica
E3: Año | F3: Porcentaje de población en pobreza | I3: Año | J3: Región de Planificación
B4: Año | C4: Porcentaje | F4: Pobreza | G4: Pobreza extrema | J4: Central | L4: Chorotega | N4: Pacífico Central | P4: Brunca | R4: Huetar Caribe | T4: Huetar Norte
B5: 2010 | C5: 24.202527 | E5: 2010 | F5: 24.202527 | G5: 6.5412873 | J5: Pobreza | K5: Pobreza extrema | L5: Pobreza extrema | M5: Pobreza no extrema | N5: Pobreza extrema | O5: Pobreza no extrema | P5: Pobreza extrema | Q5: Pobreza no extrema | R5: Pobreza extrema | S5: Pobreza no extrema | T5: Pobreza extrema | U5: Pobreza no extrema
B6: 2011 | C6: 24.812346 | E6: 2011 | F6: 24.812346 | G6: 7.2844809 | I6: 2010 | J6: 18.673946 | K6: 4.2048427 | L6: 36.398446 | M6: 12.038545 | N6: 29.79026 | O6: 9.2791378 | P6: 37.426187 | Q6: 13.697731 | R6: 34.383992 | S6: 8.1497786 | T6: 28.274806 | U6: 9.2320668
B7: 2012 | C7: 23.48239 | E7: 2012 | F7: 23.48239 | G7: 7.1480462 | I7: 2011 | J7: 20.117123 | K7: 4.4636821 | L7: 33.888093 | M7: 12.211828 | N7: 27.599436 | O7: 10.21723 | P7: 34.999625 | Q7: 14.606281 | R7: 35.377966 | S7: 12.755154 | T7: 29.692394 | U7: 9.6416901
B8: 2013 | C8: 23.286026 | E8: 2013 | F8: 23.286026 | G8: 7.2502317 | I8: 2012 | J8: 18.381755 | K8: 4.766049 | L8: 37.763162 | M8: 13.876619 | N8: 30.621844 | O8: 9.8301669 | P8: 36.924699 | Q8: 13.166754 | R8: 28.664857 | S8: 10.304064 | T8: 26.378271 | U8: 8.3260087
B9: 2014 | C9: 24.583819 | E9: 2014 | F9: 24.583819 | G9: 7.2435527 | I9: 2013 | J9: 17.463734 | K9: 4.5019106 | L9: 37.135347 | M9: 13.319012 | N9: 34.239676 | O9: 11.392685 | P9: 37.098539 | Q9: 14.929744 | R9: 31.706619 | S9: 10.927982 | T9: 25.396946 | U9: 8.682698
B10: 2015 | C10: 23.589308 | E10: 2015 | F10: 23.589308 | G10: 7.7571954 | I10: 2014 | J10: 19.057495 | K10: 4.7941197 | L10: 36.291572 | M10: 13.016267 | N10: 31.124503 | O10: 9.994736 | P10: 39.750753 | Q10: 13.890159 | R10: 31.858184 | S10: 9.575584 | T10: 29.536906 | U10: 10.075971
B11: 2016 | C11: 22.862446 | E11: 2016 | F11: 22.862446 | G11: 7.0386941 | I11: 2015 | J11: 18.4384 | K11: 4.8485262 | L11: 28.666021 | M11: 10.704854 | N11: 30.243256 | O11: 11.891012 | P11: 37.724105 | Q11: 14.671647 | R11: 32.485481 | S11: 12.460747 | T11: 30.906537 | U11: 12.894935
B12: 2017 | C12: 22.136979 | E12: 2017 | F12: 22.136979 | G12: 6.2112657 | I12: 2016 | J12: 17.699961 | K12: 4.3283822 | L12: 27.389922 | M12: 10.164467 | N12: 31.25957 | O12: 10.085572 | P12: 34.372229 | Q12: 12.119213 | R12: 31.645748 | S12: 11.412728 | T12: 32.01913 | U12: 13.2787
B13: Fuente: INEC, Encuesta Nacional de Hogares | I13: 2017 | J13: 17.219305 | K13: 4.1011362 | L13: 24.90975 | M13: 6.7059407 | N13: 34.721631 | O13: 11.104998 | P13: 31.534429 | Q13: 11.116093 | R13: 30.661193 | S13: 10.683681 | T13: 30.09379 | U13: 8.9482713
B15: Por favor incluya, en el recuadro de abajo una pequeña interpretación del dato en términos de su comportamiento reciente y tendencia, así como algún elemento que considere importante para explicar dicho comportamiento.
B18: Interpretación
B19: El porcentaje de hogares en pobreza en Costa Rica es relativamente bajo, respecto a otros país de centro y Latinoamérica, sin embargo, no se ha logrado una reducción importante en los últimos 20 años. Los porcentajes de hogares y personas en pobreza es sustancialmente diferente al comparar las zonas geográficas periféricas (costas) en relación a la región central del país. El nivel de pobreza, medido por el método de línea de pobreza, está fuertemente relacionado con la tasa de desempleo, ya que el 80% del ingreso de los hogares proviene del trabajo. Dentro de los hogares de menor ingreso, la participación relativa de las transferencias del Estado en el total de ingreso, ronda el 20% .

Sheet Ficha_población en pobreza (lín
B2: FICHA TÉCNICA DE INDICADOR
B4: Nombre del indicador | C4: =+'[1]Población en pobreza_línea'!B1 -> Porcentaje de población en pobreza
B5: Definición conceptual | C5: La condición de pobreza se estima por nivel de ingresos, utilizando la metodología de la Línea de pobreza, el cual es un indicador que representa el monto mínimo requerido para que una persona pueda satisfacer las necesidades “alimentarias y no alimentarias”. Estas necesidades están recogidas en una canasta de bienes y servicios requeridos para su subsistencia, construida con base en la información de la Encuesta Nacional de Ingresos y Gastos (ENIGH) del año que corresponda y cuya composición y costo se determinan en forma separada para la zona urbana y la zona rural. La actualización del valor de esta canasta o línea de pobreza se obtiene mediante las variaciones mensuales de precios de los grupos alimentarios y no alimentarios, respectivamente, ponderados por la zona de residencia, según los cálculos del Índice de Precios al Consumidor (IPC). Dado esto, se considera que una persona pobre es aquella cuyo ingreso per cápita es menor o igual a la línea de pobreza de la zona respectiva (urbana o rural). Para delimitar la pobreza extrema se compara el mismo ingreso per cápita con el valor de la Canasta Básica Alimentaria (CBA), que incluye las necesidades alimentarias solamente. Se considera que una persona pobre es aquella cuyo ingreso per cápita es menor o igual a la línea de pobreza de la zona respectiva (urbana o rural). Para delimitar la pobreza extrema se compara el mismo ingreso per cápita con el valor de la Canasta Básica Alimentaria (CBA), que incluye las necesidades alimentarias solamente.
B6: Fórmula de cálculo
B7: Unidad de medida | C7: Porcentaje
B8: Datos requeridos | C8: Ingreso de las personas
B9: Tipo de fuente de datos | C9: Encuesta Nacional de Hogares
B10: Persona responsable de la fuente de datos | C10: Eddy Madrigal Méndez
B11: Observaciones y comentarios
B12: Contacto de la persona responsable de reportar el indicador
B13: Nombre | C13: Marlene Sandoval
B14: Puesto | C14: Coordinadora del Centro de Información
B15: Institución | C15: Instituto Nacional de Estadística y Censos
B16: Teléfono | C16: 22809280
B17: Correo electrónico | C17: marlene.sandoval@inec.go.cr

Sheet Población en pobreza_IPM
A1: 17a | B1: =+[1]Indice!B23 -> Porcentaje de personas en hogares en pobreza multidimensional | L1: ficha técnica
F3: Año | G3: Región de Planificación
B4: Año | C4: Porcentaje | G4: Central | H4: Chorotega | I4: Pacífico Central | J4: Brunca | K4: Huetar Caribe | L4: Huetar Norte
B5: 2010 | C5: 30.942203 | F5: 2010 | G5: 22.069373 | H5: 44.162555 | I5: 40.212195 | J5: 44.283001 | K5: 49.967427 | L5: 48.147743
B6: 2011 | C6: 28.799579 | F6: 2011 | G6: 21.267264 | H6: 42.434589 | I6: 34.830332 | J6: 41.651616 | K6: 43.969306 | L6: 41.846761
B7: 2012 | C7: 26.16709 | F7: 2012 | G7: 18.735842 | H7: 40.074689 | I7: 29.55893 | J7: 38.048722 | K7: 41.651455 | L7: 40.5062
B8: 2013 | C8: 25.347211 | F8: 2013 | G8: 17.23008 | H8: 38.219873 | I8: 33.962939 | J8: 38.016569 | K8: 39.528948 | L8: 42.839537
B9: 2014 | C9: 25.706943 | F9: 2014 | G9: 18.600103 | H9: 36.737786 | I9: 30.671071 | J9: 38.310046 | K9: 40.34043 | L9: 38.959006
B10: 2015 | C10: 26.17 | F10: 2015 | G10: 19.43 | H10: 31.88 | I10: 30.38 | J10: 34.98 | K10: 44.08 | L10: 41.79
B11: 2016 | C11: 25.039672 | F11: 2016 | G11: 18.716497 | H11: 28.650735 | I11: 30.414764 | J11: 30.524732 | K11: 42.033258 | L11: 42.601089
B12: 2017 | C12: 23.076541 | F12: 2017 | G12: 17.305651 | H12: 23.468936 | I12: 31.35539 | J12: 29.469434 | K12: 36.904475 | L12: 39.781114
B13: Fuente: INEC, Encuesta Nacional de Hogares
B16: Por favor incluya, en el recuadro de abajo una pequeña interpretación del dato en términos de su comportamiento reciente y tendencia, asi como algun elemento que considere importante para explicar dicho comportamiento.
B19: Interpretación
B20: La pobreza multidimensional en Costa Rica se empezó a medir a partir del año 2015 (los valores del 2010 al 2014 se publicaron posteriormente), se adoptó la metodología propuesta por Sabina Alkire y James Foster de la universidad de Oxford. El indicadores está compuesto de 5 dimensiones (Educación, Vivienda y uso de internet, Salud, Trabajo y, Protección social), cada una tiene un valor de 20%. Se considera con privación aquellos hogares con un 20% o más de privaciones. La información para el cálculo del índice está referida al mes de julio de cada año y se toma en su totalidad de la Encuesta Nacional de Hogares. A diferencia de la estimación de la pobreza por insuficiencia de ingresos, en este indicador de observado una tendencia a la reducción para el periodo de análisis, sin embargo, (al igual que en la pobreza por LP) se observa una marcada diferencia entre los hogares de la región central respecto a los ubicados en las regiones periféricas.

Sheet Ficha_población en pobreza IPM
B2: FICHA TÉCNICA DE INDICADOR
B4: Nombre del indicador | C4: =+'[1]Población en pobreza_IPM'!B1 -> Porcentaje de personas en hogares en pobreza multidimensional
B5: Definición conceptual | C5: El IPM de Costa Rica se basa en la metodología propuesta por Sabina Alkire y James Foster (2007) de la Universidad de Oxford, adaptado para Costa Rica por el INEC con la participación de diferentes instituciones del sector social del país. Este indicador realiza un recuento de las privaciones que tienen los hogares en diferentes campos de su vida y permite calcular la incidencia de la pobreza, su intensidad y un índice global. Para el cálculo del índice se eligieron cinco dimensiones: educación, vivienda, salud, trabajo y protección social, con peso idéntico para cada una (20%). Estas cinco dimensiones involucran 19 indicadores, con pesos de 5% (en su mayoría) y 6,67% (para 3 indicadores), obtenidos de la Enaho. Además, se determinó el umbral de 20% de privaciones para la determinación de los hogares en situación de pobreza multidimensional, lo cual equivale a tener una privación en al menos cuatro dimensiones o tener aproximadamente cuatro o más indicadores de una misma dimensión con privación.
B6: Fórmula de cálculo
B7: Unidad de medida | C7: Indice
B8: Datos requeridos
B9: Tipo de fuente de datos | C9: Encuesta Nacional de Hogares
B10: Persona responsable de la fuente de datos | C10: Eddy Madrigal Meléndez
B11: Observaciones y comentarios
B12: Contacto de la persona responsable de reportar el indicador
B13: Nombre | C13: Marlene Sandoval
B14: Puesto | C14: Coordinadora del Centro de Información
B15: Institución | C15: Instituto Nacional de Estadística y Censos
B16: Teléfono | C16: 22809280
B17: Correo electrónico | C17: marlene.sandoval@inec.go.cr

Sheet Coeficiente de Gini
A1: 19 | B1: =+[1]Indice!B24 -> Coeficiente de Gini | L1: ficha técnica
F2: Coeficiente de Gini por hogar 1/ | N2: Coeficiente de Gini por persona 2/
F3: Año | G3: Región de Planificación | N3: Año | O3: Región de Planificación
B4: Año | C4: Coeficiente de Gini | G4: Central | H4: Chorotega | I4: Pacífico Central | J4: Brunca | K4: Huetar Caribe | L4: Huetar Norte | O4: Central | P4: Chorotega | Q4: Pacífico Central | R4: Brunca | S4: Huetar Caribe | T4: Huetar Norte
B5: 2011 | C5: 0.51496215 | F5: 2010 | G5: 0.48630952 | H5: 0.51988265 | I5: 0.50115226 | J5: 0.54331576 | K5: 0.48171642 | L5: 0.51906743 | N5: 2010 | O5: 0.48621098 | P5: 0.53520292 | Q5: 0.49905793 | R5: 0.55530581 | S5: 0.48846818 | T5: 0.52693825
B6: 2012 | C6: 0.51544875 | F6: 2011 | G6: 0.48971721 | H6: 0.51480101 | I6: 0.50730997 | J6: 0.53706036 | K6: 0.50583257 | L6: 0.50635436 | N6: 2011 | O6: 0.49705285 | P6: 0.52137228 | Q6: 0.49649074 | R6: 0.5487132 | S6: 0.51988753 | T6: 0.51258863
B7: 2013 | C7: 0.52243001 | F7: 2012 | G7: 0.49832223 | H7: 0.5211525 | I7: 0.49663789 | J7: 0.52509307 | K7: 0.46855205 | L7: 0.49105034 | N7: 2012 | O7: 0.50381211 | P7: 0.5280378 | Q7: 0.49503391 | R7: 0.51961095 | S7: 0.47310652 | T7: 0.49565223
B8: 2014 | C8: 0.51648859 | F8: 2013 | G8: 0.5062936 | H8: 0.51043823 | I8: 0.50759849 | J8: 0.54295601 | K8: 0.47793412 | L8: 0.50139623 | N8: 2013 | O8: 0.50813555 | P8: 0.51442699 | Q8: 0.5048321 | R8: 0.54430399 | S8: 0.49307725 | T8: 0.50116343
B9: 2015 | C9: 0.5159259 | F9: 2014 | G9: 0.49525458 | H9: 0.50143677 | I9: 0.48087553 | J9: 0.53795321 | K9: 0.43875629 | L9: 0.52028526 | N9: 2014 | O9: 0.50309801 | P9: 0.51178603 | Q9: 0.47620674 | R9: 0.54452137 | S9: 0.44643254 | T9: 0.51293356
B10: 2016 | C10: 0.52117924 | F10: 2015 | G10: 0.49235892 | H10: 0.50797591 | I10: 0.49741741 | J10: 0.53446494 | K10: 0.48644143 | L10: 0.51240601 | N10: 2015 | O10: 0.50165023 | P10: 0.51412531 | Q10: 0.50198726 | R10: 0.53270182 | S10: 0.49361886 | T10: 0.51106005
B11: 2017 | C11: 0.51384433 | F11: 2016 | G11: 0.49955337 | H11: 0.49216608 | I11: 0.51255954 | J11: 0.52281606 | K11: 0.49634602 | L11: 0.51622491 | N11: 2016 | O11: 0.50548049 | P11: 0.50623168 | Q11: 0.51387583 | R11: 0.52868839 | S11: 0.49664914 | T11: 0.52864658
F12: 2017 | G12: 0.50124043 | H12: 0.48742342 | I12: 0.51185423 | J12: 0.51596916 | K12: 0.46356048 | L12: 0.50796602 | N12: 2017 | O12: 0.50191132 | P12: 0.48470015 | Q12: 0.52338654 | R12: 0.50311576 | S12: 0.47259321 | T12: 0.50257349
B13: Fuente: INEC, Encuesta Nacional de Hogares | F13: 1/ Para este cálculo los hogares son ordenados ascendentemente según el ingreso total del hogar y se acumula dicho ingreso. | N13: 2/ Para este cálculo las personas son ordenadas ascendentemente según el ingreso per cápita del hogar y se acumula dicho ingreso.
F14: Fuente: INEC. Encuesta Nacional de Hogares 2010 - 2017. | N14: Fuente: INEC. Encuesta Nacional de Hogares 2010 - 2017.
B16: Por favor incluya, en el recuadro de abajo una pequeña interpretación del dato en términos de su comportamiento reciente y tendencia, asi como algun elemento que considere importante para explicar dicho comportamiento.
B19: Interpretación
B20: Históricamente Costa Rica se ha presentado como un país con una equitativa distribución del ingreso, sin embargo, en los últimos años se ha mostrado una aumento en la concentración del ingreso.

Sheet Ficha_Coeficiente de Gini
B2: FICHA TÉCNICA DE INDICADOR
B4: Nombre del indicador | C4: =+'[1]Coeficiente de Gini'!B1 -> Coeficiente de Gini
B5: Definición conceptual | C5: Es un indicador utilizado para medir la desigualdad del ingreso de los hogares en una sociedad. Adopta valores que oscilan entre cero y uno; cuando su valor se acerca a uno, muestra que existe una mayor concentración del ingreso, en tanto una reducción indica que los ingresos de los hogares se distribuyen de una manera más uniforme.
B6: Fórmula de cálculo | C6: Donde: CG = Coeficiente de Gini pi = (Ni/N)*100 y Ni es la frecuencia acumulada de la población. Qi = (ui/un)*100 y ui es el producto de los ingresos por la población acumulada.
B7: Unidad de medida | C7: Indice
B8: Datos requeridos
B9: Tipo de fuente de datos | C9: Encuesta Nacional de Hogares
B10: Persona responsable de la fuente de datos | C10: Eddy Madrigal Meléndez
B11: Observaciones y comentarios
B12: Contacto de la persona responsable de reportar el indicador
B13: Nombre | C13: Marlene Sandoval
B14: Puesto | C14: Coordinadora del Centro de Información
B15: Institución | C15: Instituto Nacional de Estadística y Censos
B16: Teléfono | C16: 22809280
B17: Correo electrónico | C17: marlene.sandoval@inec.go.cr

Sheet horas dedicadas al cuido
A1: 33 | B1: =+Indice!B25 -> Horas en promedio dedicadas al cuido | K1: ficha técnica
B3: Año | C3: Sexo | G3: Año | I3: Región de Planificación
C4: Hombres | D4: Mujeres | H4: Central | J4: Chorotega | L4: Pacífico Central | N4: Brunca | P4: Huetar Caribe | R4: Huetar Norte
B5: 2011 | H5: Hombres | I5: Mujeres | J5: Hombres | K5: Mujeres | L5: Hombres | M5: Mujeres | N5: Hombres | O5: Mujeres | P5: Hombres | Q5: Mujeres | R5: Hombres | S5: Mujeres
B6: 2012 | G6: 2010
B7: 2013 | G7: 2011
B8: 2014 | G8: 2012
B9: 2015 | G9: 2013
B10: 2016 | G10: 2014
B11: Fuente: INEC, Encuesta Nacional de Uso del Tiempo | G11: 2015
G12: 2016
B14: Por favor incluya, en el recuadro de abajo una pequeña interpretación del dato en términos de su comportamiento reciente y tendencia, asi como algun elemento que considere importante para explicar dicho comportamiento.
B17: Interpretación

Sheet Ficha_horas dedicadas al cuido
B2: FICHA TÉCNICA DE INDICADOR
B4: Nombre del indicador | C4: =+'horas dedicadas al cuido'!B1 -> Horas en promedio dedicadas al cuido
B5: Definición conceptual
B6: Fórmula de cálculo
B7: Unidad de medida | C7: Promedio
B8: Datos requeridos
B9: Tipo de fuente de datos | C9: Encuesta Nacional de Uso del Tiempo
B10: Persona responsable de la fuente de datos | C10: Freddy Araya
B11: Observaciones y comentarios
B12: Contacto de la persona responsable de reportar el indicador
B13: Nombre | C13: Marlene Sandoval
B14: Puesto | C14: Coordinadora del Centro de Información
B15: Institución | C15: Instituto Nacional de Estadística y Censos
B16: Teléfono | C16: 22809280
B17: Correo electrónico | C17: marlene.sandoval@inec.go.cr

Sheet Brecha salarial por sexo
A1: 34 | B1: Brecha salarial por sexo | K1: ficha técnica
B3: Año | C3: Brecha salarial | E3: Año | F3: Región de Planificación
F4: Central | G4: Chorotega | H4: Pacífico Central | I4: Brunca | J4: Huetar Caribe | K4: Huetar Norte
B5: 2010 | C5: 105.54811 | E5: 2010 | F5: 102.62897 | G5: 103.09656 | H5: 95.496575 | I5: 124.95765 | J5: 115.43314 | K5: 106.95556
B6: 2011 | C6: 104.75172 | E6: 2011 | F6: 101.77316 | G6: 102.14904 | H6: 104.26709 | I6: 117.8595 | J6: 111.72664 | K6: 110.85991
B7: 2012 | C7: 101.34135 | E7: 2012 | F7: 97.320617 | G7: 105.75719 | H7: 106.78557 | I7: 119.65219 | J7: 114.49114 | K7: 105.10613
B8: 2013 | C8: 109.56933 | E8: 2013 | F8: 105.93657 | G8: 110.38216 | H8: 118.62325 | I8: 129.9733 | J8: 116.02933 | K8: 109.10155
B9: 2014 | C9: 104.32401 | E9: 2014 | F9: 98.256145 | G9: 112.818 | H9: 110.11881 | I9: 131.01855 | J9: 120.67721 | K9: 110.85245
B10: 2015 | C10: 110.87902 | E10: 2015 | F10: 107.36635 | G10: 110.8856 | H10: 116.12575 | I10: 114.54776 | J10: 118.06735 | K10: 125.01606
B11: 2016 | C11: 111.21247 | E11: 2016 | F11: 107.47537 | G11: 118.52321 | H11: 123.61473 | I11: 127.49436 | J11: 115.16966 | K11: 111.74815
B12: 2017 | C12: 110.2327 | E12: 2017 | F12: 106.54842 | G12: 114.49302 | H12: 117.88832 | I12: 127.27601 | J12: 115.48949 | K12: 114.95173
B14: Fuente: INEC, Encuesta Continua de Empleo
B16: Por favor incluya, en el recuadro de abajo una pequeña interpretación del dato en términos de su comportamiento reciente y tendencia, así como algún elemento que considere importante para explicar dicho comportamiento.
B19: Interpretación
B20: Para el 2017 la brecha salarial fue de 110,2%, eso quiere decir que las mujeres ganaron por hora un 10,2% más que los hombres. Por región de planificación, los niveles más altos en la brecha salarial se puede observar en la región Brunca, aunque para el 2015 la región Huetar Norte la supera. Por otro lado, la región Central es donde se observan los menores niveles en brecha salarial, incluso hay dos años (2012 y 2014) en los que el ingreso de las mujeres es menor al de los hombres.

Sheet Ficha_brecha salarial por sexo
B2: FICHA TÉCNICA DE INDICADOR
B4: Nombre del indicador | C4: =+'Brecha salarial por sexo'!B1 -> Brecha salarial por sexo
B5: Definición conceptual | C5: Representa la igualdad entre el ingreso bruto medio por hora de la mujer y el hombre cuando el indicador equivale a 100, un valor mayor a 100 representa que la mujer obtiene un mayor ingreso medio por hora que el hombre, si es menor a 100 corresponde que el hombre tiene un mayor ingreso medio por hora que la mujer. La desigual absoluta se obtiene cuando el indicador es 0
B6: Fórmula de cálculo
B7: Unidad de medida | C7: Promedio
B8: Datos requeridos | C8: Brecha salarial nacional y por región de planificación
B9: Tipo de fuente de datos | C9: Encuesta Continua de Empleo (ECE) Dato anual = promedio de los trimestres por año
B10: Observaciones y comentarios | C10: Se considera el ingreso bruto por hora de las personas ocupadas con ingreso conocido (asalariadas, cuenta propia o empleador) en el empleo principal
B11: Contacto de la persona responsable de reportar el indicador
B12: Nombre | C12: María Luz Sanarrusia Solano
B13: Puesto | C13: Coordinadora Encuesta Continua de Empleo (ECE)
B14: Institución | C14: Instituto Nacional de Estadística y Censos (INEC)
B15: Teléfono | C15: 2280-9280 Ext 346
B16: Correo electrónico | C16: marial.sanarrusia@inec.go.cr
B17: Nombre | C17: Dianny Hernández Ruiz
B18: Puesto | C18: Analista Encuesta Continua de Empleo (ECE)
B19: Institución | C19: Instituto Nacional de Estadística y Censos (INEC)
B20: Teléfono | C20: 2280-9280 Ext 347/348
B21: Correo electrónico | C21: dianny.hernandez@inec.go.cr

Sheet Tasa de desempleo
A1: 35 | B1: Tasa de desempleo | K1: ficha técnica
B3: Año | C3: Tasa | E3: Año | F3: Región de Planificación
F4: Central | G4: Chorotega | H4: Pacífico Central | I4: Brunca | J4: Huetar Caribe | K4: Huetar Norte
B5: 2010 | C5: 8.9150892 | E5: 2010 | F5: 7.0361197 | G5: 18.385891 | H5: 9.6300801 | I5: 11.443781 | J5: 13.570589 | K5: 9.9307224
B6: 2011 | C6: 10.298476 | E6: 2011 | F6: 8.7373069 | G6: 15.578121 | H6: 9.7558405 | I6: 11.40432 | J6: 17.973632 | K6: 10.296456
B7: 2012 | C7: 10.171754 | E7: 2012 | F7: 9.0129317 | G7: 15.082079 | H7: 10.340983 | I7: 12.499078 | J7: 14.048931 | K7: 9.9462342
B8: 2013 | C8: 9.3861626 | E8: 2013 | F8: 8.4304883 | G8: 13.496313 | H8: 9.2728968 | I8: 12.078931 | J8: 11.73458 | K8: 9.3960116
B9: 2014 | C9: 9.6173851 | E9: 2014 | F9: 8.6697411 | G9: 15.162783 | H9: 8.6713143 | I9: 11.828027 | J9: 12.102263 | K9: 9.1885552
B10: 2015 | C10: 9.6129736 | E10: 2015 | F10: 9.0075144 | G10: 12.550675 | H10: 9.3454114 | I10: 11.543265 | J10: 11.374884 | K10: 8.921988
B11: 2016 | C11: 9.5355241 | E11: 2016 | F11: 8.8283085 | G11: 11.687719 | H11: 13.170285 | I11: 12.079543 | J11: 9.9178896 | K11: 8.6428771
B12: 2017 | C12: 9.0717244 | E12: 2017 | F12: 7.8895224 | G12: 12.113789 | H12: 15.229803 | I12: 12.272383 | J12: 9.6943885 | K12: 8.5421227
B14: Fuente: INEC, Encuesta Continua de Empleo
B17: Por favor incluya, en el recuadro de abajo una pequeña interpretación del dato en términos de su comportamiento reciente y tendencia, así como algún elemento que considere importante para explicar dicho comportamiento.
B20: Interpretación
B21: Para el 2017, en promedio el 9,1% de la población en la fuerza de trabajo se encontraba desempleada. El nivel más alto se alcanzó en el 2011, año a partir del cual la tasa de desempleo se redujo para luego mantenerse estable alrededor del 9,5%. Por región de planificación, para el 2017 la tasa de desempleo más alta se observa en la región Pacífico Central, la cual ha tendido a la alza en los últimos 4 años, incluso supera en el 2016 y 2017 al porcentaje de desempleo en la región Chorotega, que es la que se caracteriza por tener las mayores tasas de desempleo del 2010 al 2015. En contra posición, la región Central presenta la tasa de desempleo más baja y se ha logrado mantenerse al alrededor del 8%.

Sheet Ficha_tasa de desempleo
B2: FICHA TÉCNICA DE INDICADOR
B4: Nombre del indicador | C4: =+'Tasa de desempleo'!B1 -> Tasa de desempleo
B5: Definición conceptual | C5: Porcentaje de la población desempleada, respecto a la fuerza de trabajo
B6: Fórmula de cálculo
B7: Unidad de medida | C7: Tasa
B8: Datos requeridos | C8: Tasa de desempleo nacional y por región de planificación
B9: Tipo de fuente de datos | C9: Encuesta Continua de Empleo (ECE) Dato anual = promedio de los trimestres por año
B10: Observaciones y comentarios | C10: Considera a la población desempleada y en la fuerza de trabajo de 15 años y más
B11: Contacto de la persona responsable de reportar el indicador
B12: Nombre | C12: María Luz Sanarrusia Solano
B13: Puesto | C13: Coordinadora Encuesta Continua de Empleo (ECE)
B14: Institución | C14: Instituto Nacional de Estadística y Censos (INEC)
B15: Teléfono | C15: 2280-9280 Ext 346
B16: Correo electrónico | C16: marial.sanarrusia@inec.go.cr
B17: Nombre | C17: Dianny Hernández Ruiz
B18: Puesto | C18: Analista Encuesta Continua de Empleo (ECE)
B19: Institución | C19: Instituto Nacional de Estadística y Censos (INEC)
B20: Teléfono | C20: 2280-9280 Ext 347/348
B21: Correo electrónico | C21: dianny.hernandez@inec.go.cr

Sheet Tasa neta de participación
A1: 36 | B1: Tasa neta de participación | K1: ficha técnica
B3: Año | C3: Tasa | E3: Año | F3: Región de Planificación
F4: Central | G4: Chorotega | H4: Pacífico Central | I4: Brunca | J4: Huetar Caribe | K4: Huetar Norte
B5: 2010 | C5: 60.709615 | E5: 2010 | F5: 62.972391 | G5: 55.534369 | H5: 60.393392 | I5: 56.823607 | J5: 52.629297 | K5: 59.35373
B6: 2011 | C6: 58.994011 | E6: 2011 | F6: 60.065948 | G6: 55.668312 | H6: 58.93824 | I6: 57.749442 | J6: 55.583783 | K6: 58.089577
B7: 2012 | C7: 62.791753 | E7: 2012 | F7: 65.064408 | G7: 56.234594 | H7: 58.280071 | I7: 58.53445 | J7: 57.935909 | K7: 62.701268
B8: 2013 | C8: 62.280861 | E8: 2013 | F8: 64.417625 | G8: 55.074972 | H8: 57.122141 | I8: 57.009504 | J8: 59.305815 | K8: 63.407351
B9: 2014 | C9: 62.531333 | E9: 2014 | F9: 65.470047 | G9: 56.318258 | H9: 52.493506 | I9: 55.978073 | J9: 59.259341 | K9: 61.123077
B10: 2015 | C10: 61.247549 | E10: 2015 | F10: 64.157188 | G10: 57.65871 | H10: 49.088167 | I10: 53.784177 | J10: 58.68158 | K10: 59.264013
B11: 2016 | C11: 58.390925 | E11: 2016 | F11: 59.748263 | G11: 56.447968 | H11: 49.090761 | I11: 52.860198 | J11: 58.907485 | K11: 60.458948
B12: 2017 | C12: 58.811013 | E12: 2017 | F12: 59.843691 | G12: 56.957842 | H12: 54.610307 | I12: 53.691555 | J12: 59.634028 | K12: 59.015817
B14: Fuente: INEC, Encuesta Continua de Empleo
B17: Por favor incluya, en el recuadro de abajo una pequeña interpretación del dato en términos de su comportamiento reciente y tendencia, así como algún elemento que considere importante para explicar dicho comportamiento.
B20: Interpretación
B21: Para el 2017, en promedio el 59% de la población en edad de trabajar (15 años y más) se encontraba en la fuerza de trabajo, eran personas ocupadas o desempleadas. La tasa neta de participación alcanzó su máximo punto durante los años 2012-2014 al estimarse en 62%, para el 2016 y 2017 la tasa se estima en 58% reduciendo la participación en la fuerza de trabajo de las personas en edad de trabajar para los últimos dos años. Por regiones de planificación, la región Central y la Huetar Norte presentan las mayores tasas de participación laboral superiores a 60% durante los años de estudio. La región Chorotega se ha mantenido en 55% durante todo el periodo. La región Brunca en los tres últimos años ha disminuido los niveles de participación, similar ha sucedido, con la región Pacífico Central a excepción de este último año que la tasa de participación tuvo un aumento.

Sheet Ficha_tasa neta de participació
B2: FICHA TÉCNICA DE INDICADOR
B4: Nombre del indicador | C4: =+'Tasa neta de participación'!B1 -> Tasa neta de participación
B5: Definición conceptual | C5: Porcentaje de participación en la fuerza de trabajo, con relación a la población en edad de trabajar
B6: Fórmula de cálculo
B7: Unidad de medida | C7: Tasa
B8: Datos requeridos | C8: Tasa neta de participación nacional y por región de planificación
B9: Tipo de fuente de datos | C9: Encuesta Continua de Empleo (ECE) Dato anual = promedio de los trimestres por año
B10: Observaciones y comentarios | C10: Considera a la población en la fuerza de trabajo y en edad de trabajar de 15 años y más
B11: Contacto de la persona responsable de reportar el indicador
B12: Nombre | C12: María Luz Sanarrusia Solano
B13: Puesto | C13: Coordinadora Encuesta Continua de Empleo (ECE)
B14: Institución | C14: Instituto Nacional de Estadística y Censos (INEC)
B15: Teléfono | C15: 2280-9280 Ext 346
B16: Correo electrónico | C16: marial.sanarrusia@inec.go.cr
B17: Nombre | C17: Dianny Hernández Ruiz
B18: Puesto | C18: Analista Encuesta Continua de Empleo (ECE)
B19: Institución | C19: Instituto Nacional de Estadística y Censos (INEC)
B20: Teléfono | C20: 2280-9280 Ext 347/348
B21: Correo electrónico | C21: dianny.hernandez@inec.go.cr

Sheet Tasa de ocupación
A1: 36a | B1: =+Indice!B29 -> Tasa de ocupación | K1: ficha técnica
B3: Año | C3: Tasa | E3: Año | F3: Región de Planificación
F4: Central | G4: Chorotega | H4: Pacífico Central | I4: Brunca | J4: Huetar Caribe | K4: Huetar Norte
B5: 2010 | C5: 55.296939 | E5: 2010 | F5: 58.541283 | G5: 45.323382 | H5: 54.575753 | I5: 50.321644 | J5: 45.496508 | K5: 53.458421
B6: 2011 | C6: 52.913773 | E6: 2011 | F6: 54.810815 | G6: 46.984836 | H6: 53.175121 | I6: 51.160406 | J6: 45.59434 | K6: 52.118854
B7: 2012 | C7: 56.403624 | E7: 2012 | F7: 59.198266 | G7: 47.751568 | H7: 52.288777 | I7: 51.216975 | J7: 49.798825 | K7: 56.46568
B8: 2013 | C8: 56.436189 | E8: 2013 | F8: 58.984763 | G8: 47.632881 | H8: 51.816701 | I8: 50.125701 | J8: 52.351562 | K8: 57.45119
B9: 2014 | C9: 56.515936 | E9: 2014 | F9: 59.791545 | G9: 47.774611 | H9: 47.950582 | I9: 49.338599 | J9: 52.089919 | K9: 55.50681
B10: 2015 | C10: 55.3592 | E10: 2015 | F10: 58.377584 | G10: 50.420595 | H10: 44.494623 | I10: 47.582741 | J10: 52.008989 | K10: 53.976685
B11: 2016 | C11: 52.816351 | E11: 2016 | F11: 54.475715 | G11: 49.843013 | H11: 42.545389 | I11: 46.464705 | J11: 53.065796 | K11: 55.230172
B12: 2017 | C12: 53.477066 | E12: 2017 | F12: 55.126141 | G12: 50.060421 | H12: 46.295144 | I12: 47.100978 | J12: 53.853599 | K12: 53.972012
B14: Fuente: INEC, Encuesta Continua de Empleo
B17: Por favor incluya, en el recuadro de abajo una pequeña interpretación del dato en términos de su comportamiento reciente y tendencia, así como algún elemento que considere importante para explicar dicho comportamiento.
B20: Interpretación
B21: Del 2012 al 2014 se presentaron las mayores tasas de ocupación, es decir, en promedio un mayor porcentaje de las personas en edad de trabajar (15 años y más) se encontraban trabajando, no obstante para el 2016 la tasa fue la menor que se ha observado (52,8%), recuperándose para el 2017. Por región de planificación, la región Central tiene las mayores tasas de ocupación, aunque ha tendido a la baja desde el 2014. La región Chorotega mostró las menores tasas de ocupación del 2012 al 2014 (alrededor del 47%), sin embargo presentó un incremento en el 2015 y a partir de ahí ha rondado el 49%. En la región Huetar Caribe por su parte, la tasa de ocupación mostró una tendencia al alza a lo largo de todo el periodo hasta alcanzar el 53,9% en el 2017. En contra posición, la región Pacífico Central tuvo uno años en que el porcentaje de ocupados se redujo, no obstante se recupera en el 2017.

Sheet Ficha_tasa de ocupación
B2: FICHA TÉCNICA DE INDICADOR
B4: Nombre del indicador | C4: =+'Tasa de ocupación'!B1 -> Tasa de ocupación
B5: Definición conceptual | C5: Porcentaje de la población ocupada, respecto a la población en edad de trabajar. Indica la relación entre las personas que tenían trabajo o trabajaron en la semana de referencia y las que tenían edad para trabajar.
B6: Fórmula de cálculo
B7: Unidad de medida | C7: Tasa
B8: Datos requeridos | C8: Tasa de ocupación nacional y por región de planificación
B9: Tipo de fuente de datos | C9: Encuesta Continua de Empleo (ECE) Dato anual = promedio de los trimestres por año
B10: Observaciones y comentarios | C10: Considera a la población ocupada y en edad de trabajar de 15 años y más
B11: Contacto de la persona responsable de reportar el indicador
B12: Nombre | C12: María Luz Sanarrusia Solano
B13: Puesto | C13: Coordinadora Encuesta Continua de Empleo (ECE)
B14: Institución | C14: Instituto Nacional de Estadística y Censos (INEC)
B15: Teléfono | C15: 2280-9280 Ext 346
B16: Correo electrónico | C16: marial.sanarrusia@inec.go.cr
B17: Nombre | C17: Dianny Hernández Ruiz
B18: Puesto | C18: Analista Encuesta Continua de Empleo (ECE)
B19: Institución | C19: Instituto Nacional de Estadística y Censos (INEC)
B20: Teléfono | C20: 2280-9280 Ext 347/348
B21: Correo electrónico | C21: dianny.hernandez@inec.go.cr

Sheet Porcentaje de población ocupada
A1: 36b | B1: =+Indice!B30 -> Porcentaje de población ocupada por sector | K1: ficha técnica
B3: Año | C3: Sector de actividad | G3: Año | H3: Sector institucional | K3: Año | L3: Empleo
C4: Agricultura | D4: Industria | E4: Servicios | H4: Público | I4: Privado | L4: Formal | M4: Informal
B5: 2010 | C5: 10.813197 | D5: 18.924753 | E5: 69.849868 | G5: 2010 | H5: 16.396903 | I5: 83.603097 | K5: 2010 | L5: 60.108346 | M5: 39.891654
B6: 2011 | C6: 10.848242 | D6: 19.146841 | E6: 69.481484 | G6: 2011 | H6: 16.617658 | I6: 83.382342 | K6: 2011 | L6: 63.527688 | M6: 36.472312
B7: 2012 | C7: 10.247903 | D7: 18.118534 | E7: 71.331229 | G7: 2012 | H7: 15.551756 | I7: 84.448244 | K7: 2012 | L7: 60.747493 | M7: 39.252507
B8: 2013 | C8: 9.8748413 | D8: 16.449752 | E8: 73.447399 | G8: 2013 | H8: 15.266784 | I8: 84.733216 | K8: 2013 | L8: 56.701131 | M8: 43.298869
B9: 2014 | C9: 11.136487 | D9: 17.637378 | E9: 71.014064 | G9: 2014 | H9: 14.326497 | I9: 85.673503 | K9: 2014 | L9: 56.597396 | M9: 43.402604
B10: 2015 | C10: 12.287966 | D10: 19.12244 | E10: 68.432763 | G10: 2015 | H10: 13.254353 | I10: 86.745647 | K10: 2015 | L10: 55.408007 | M10: 44.591993
B11: 2016 | C11: 12.185746 | D11: 18.566412 | E11: 69.015949 | G11: 2016 | H11: 13.690044 | I11: 86.309956 | K11: 2016 | L11: 57.322099 | M11: 42.677901
B12: 2017 | C12: 12.500873 | D12: 18.101592 | E12: 68.865929 | G12: 2017 | H12: 14.265711 | I12: 85.734289 | K12: 2017 | L12: 57.080698 | M12: 42.919302
B14: Fuente: INEC, Encuesta Continua de Empleo
B17: Por favor incluya, en el recuadro de abajo una pequeña interpretación del dato en términos de su comportamiento reciente y tendencia, así como algún elemento que considere importante para explicar dicho comportamiento.
B20: Interpretación
B21: Más del 60% de la población ocupada en Costa Rica labora en el sector de servicios, el cual mostró un repunte en el 2013, donde alcanzó el 73,4%; no obstante ha presentado reducciones para los años posteriores. La agricultura por su parte, constituye la actividad económica con los menores porcentajes de ocupación, sin embargo ha presentado una tendencia al alza, sin considerar el 2013 cuando el porcentaje fue 9,9%. Con respecto al sector institucional, la mayor parte de los costarricenses trabajan en el sector privado (85,7% para el 2017). Este sector presentó una tendencia al alza del 2010 al 2015, hasta alcanzar el 86,7%, año a partir del cual se ha reducido. El sector público ha rondado el 15% a lo largo del periodo. En cuanto al tipo de empleo considerando la informalidad, más del 50% de la población tiene un empleo que es formal, y ha mostrado una tendencia a la baja del 2011 al 2015, logrando recuperarse en estos dos últimos años (57,1% para el 2017). Por otro lado, el menor nivel de empleo informal se observa en el 2011 (36,5%), año desde el cual se presenta una tendencia al alza, no obstante, en el 2016 y 2017 se ha mantenido alrededor del 42%.

Sheet Ficha_porcentaje de poblocupada
B2: FICHA TÉCNICA DE INDICADOR
B4: Nombre del indicador | C4: ='[2]Porcentaje de ocupados'!B1 -> Porcentaje de población ocupada
B5: Definición conceptual | C5: Porcentaje de ocupados por categoría de interés: A) Sector de actividad: - Agricultura: corresponde a la rama de activida de agricultura, ganadería, silvicultura y pesca. - Industria: incluye las actividades de explotación de minas y canteras; industrias manufactureras; suministro de electricidad, gas, vapor y aire acondicionado; suministro de agua, evacuación de aguas residuales y gestión de desechos y contaminación; y construcción. - Servicios: incluye las actividades de comercio al por mayor y al por menor, y reparación de vehículos de motores y motocicletas; transporte y almacenamiento; actividades de alojamiento y servicios de comida; información y comunicaciones; actividades financieras y de seguros; actividades inmobiliarias; actividades profesionales, científicas y técnicas; actividades de servicios administrativos y de apoyo; administración pública y defensa, y planes de seguridad social de afiliación obligatoria; enseñanza; actividades de atención de la salud humana y de asistencia social; actividades artísticas, de entretenimiento y recreativas; otras actividades de servicios; actividades de los hogares como empleadores; y actividades de organizaciones y órganos extraterritoriales.
C6: B) Sector institucional: - Público: personas ocupadas que trabajan para el sector público (incluye trabajadores en administración pública, universidades públicas, municipalidades, entre otras instituciones). - Privado: personas ocupadas que trabajan para el sector privado.
C7: C) Tipo de empleo: - Formal: incluye a las personas ocupadas que cumplen con las siguientes características: i) Personas asalariadas que están inscritas en la seguridad social a través de sus patrones, ii) Trabajadores por cuenta propia y empleadores que tienen empresas constituidas en sociedad o cuasi sociedades (están inscritas en el Registro Nacional de la Propiedad y llevan una contabilidad formal, o no están registradas en el Registro Nacional de la Propiedad, pero si en otra instancia pública y llevan una contabilidad formal en forma periódica, respectivamente). - Informal: incluye a las personas ocupadas que cumplen con las siguientes características: i) Personas asalariadas que no están inscritas en la seguridad social a través de sus patrones, ii) Ayudantes o trabajadores no remunerados, iii) Trabajadores por cuenta propia y empleadores que tienen empresas no constituidas en sociedad (no están inscritas en el Registro Nacional de la Propiedad y no llevan una contabilidad formal).
B8: Fórmula de cálculo
B9: Unidad de medida | C9: Porcentaje de ocupados
B10: Datos requeridos | C10: Porcentaje de ocupados por sector de actividad económica, sector institucional e informalidad (tipo de empleo)
B11: Tipo de fuente de datos | C11: Encuesta Continua de Empleo (ECE) Dato anual = promedio de los trimestres por año
B12: Observaciones y comentarios | C12: Considera a la población ocupada y en edad de trabajar de 15 años y más
B13: Contacto de la persona responsable de reportar el indicador
B14: Nombre | C14: María Luz Sanarrusia Solano
B15: Puesto | C15: Coordinadora Encuesta Continua de Empleo (ECE)
B16: Institución | C16: Instituto Nacional de Estadística y Censos (INEC)
B17: Teléfono | C17: 2280-9280 Ext 346
B18: Correo electrónico | C18: marial.sanarrusia@inec.go.cr
B19: Nombre | C19: Dianny Hernández Ruiz
B20: Puesto | C20: Analista Encuesta Continua de Empleo (ECE)
B21: Institución | C21: Instituto Nacional de Estadística y Censos (INEC)
B22: Teléfono | C22: 2280-9280 Ext 347/348
B23: Correo electrónico | C23: dianny.hernandez@inec.go.cr

Sheet Ingreso per cápita
A1: 38 | B1: =+[1]Indice!B30 -> Ingreso percápita | K1: ficha técnica
B2: Ingreso 1/ per cápita del hogar
B3: Año | C3: Ingreso (colones) | E3: Año | F3: Región de Planificación
F4: Central | G4: Chorotega | H4: Pacífico Central | I4: Brunca | J4: Huetar Caribe | K4: Huetar Norte
B5: 2010 | C5: 279756.48 | E5: 2010 | F5: 316010.9 | G5: 212929.24 | H5: 219730.71 | I5: 218033.14 | J5: 203430.9 | K5: 239168.88
B6: 2011 | C6: 308402.07 | E6: 2011 | F6: 357125.72 | G6: 227692.46 | H6: 238214.84 | I6: 229668.98 | J6: 210415.13 | K6: 231904.17 | M6: =C6/C5*100-100 -> 10.239474 | N6: =F6/F5*100-100 -> 13.010572 | O6: =G6/G5*100-100 -> 6.9333938 | P6: =H6/H5*100-100 -> 8.412178 | Q6: =I6/I5*100-100 -> 5.3367323 | R6: =J6/J5*100-100 -> 3.4332188 | S6: =K6/K5*100-100 -> -3.0374809
B7: 2012 | C7: 326174.9 | E7: 2012 | F7: 383459.5 | G7: 224411.66 | H7: 250356.27 | I7: 212758.67 | J7: 212707.3 | K7: 253067.02 | M7: =C7/C6*100-100 -> 5.7628766 | N7: =F7/F6*100-100 -> 7.3738103 | O7: =G7/G6*100-100 -> -1.4408912 | P7: =H7/H6*100-100 -> 5.0968403 | Q7: =I7/I6*100-100 -> -7.3629092 | R7: =J7/J6*100-100 -> 1.0893537 | S7: =K7/K6*100-100 -> 9.1256866
B8: 2013 | C8: 341232.71 | E8: 2013 | F8: 399600.89 | G8: 223204.18 | H8: 258032.65 | I8: 233359.18 | J8: 236086.64 | K8: 262453.79 | M8: =C8/C7*100-100 -> 4.6164841 | N8: =F8/F7*100-100 -> 4.2094133 | O8: =G8/G7*100-100 -> -0.53806762 | P8: =H8/H7*100-100 -> 3.0661812 | Q8: =I8/I7*100-100 -> 9.6825754 | R8: =J8/J7*100-100 -> 10.991323 | S8: =K8/K7*100-100 -> 3.7092023
B9: 2014 | C9: 348323.59 | E9: 2014 | F9: 412958.89 | G9: 242680.67 | H9: 255586.61 | I9: 243766.6 | J9: 227746.57 | K9: 252618.85 | M9: =C9/C8*100-100 -> 2.0780189 | N9: =F9/F8*100-100 -> 3.3428346 | O9: =G9/G8*100-100 -> 8.7258627 | P9: =H9/H8*100-100 -> -0.94795798 | Q9: =I9/I8*100-100 -> 4.4598267 | R9: =J9/J8*100-100 -> -3.5326298 | S9: =K9/K8*100-100 -> -3.747303
B10: 2015 | C10: 356648.04 | E10: 2015 | F10: 414861.6 | G10: 295945.32 | H10: 277139.6 | I10: 249223.8 | J10: 249268.34 | K10: 246535.71 | M10: =C10/C9*100-100 -> 2.3898596 | N10: =F10/F9*100-100 -> 0.46075163 | O10: =G10/G9*100-100 -> 21.948455 | P10: =H10/H9*100-100 -> 8.4327557 | Q10: =I10/I9*100-100 -> 2.2386985 | R10: =J10/J9*100-100 -> 9.4498739 | S10: =K10/K9*100-100 -> -2.408029
B11: 2016 | C11: 369517.71 | E11: 2016 | F11: 429625.99 | G11: 299799.74 | H11: 289438.11 | I11: 264531.06 | J11: 250256.12 | K11: 257671.99 | M11: =C11/C10*100-100 -> 3.6085066 | N11: =F11/F10*100-100 -> 3.5588697 | O11: =G11/G10*100-100 -> 1.3024078 | P11: =H11/H10*100-100 -> 4.4376586 | Q11: =I11/I10*100-100 -> 6.1419753 | R11: =J11/J10*100-100 -> 0.39627076 | S11: =K11/K10*100-100 -> 4.5171063
B12: 2017 | C12: 368226.58 | E12: 2017 | F12: 433103.44 | G12: 291720.31 | H12: 280235.76 | I12: 245204.09 | J12: 245881.8 | K12: 253945.95 | M12: =C12/C11*100-100 -> -0.34940897 | N12: =F12/F11*100-100 -> 0.80941331 | O12: =G12/G11*100-100 -> -2.6949419 | P12: =H12/H11*100-100 -> -3.1793843 | Q12: =I12/I11*100-100 -> -7.3061257 | R12: =J12/J11*100-100 -> -1.7479346 | S12: =K12/K11*100-100 -> -1.4460415
B13: Fuente: INEC. Encuesta Nacional de Hogares.
B14: 1/ Ingresos con imputación de valores no declarados y con ajuste por subdeclaración.
B16: Por favor incluya, en el recuadro de abajo una pequeña interpretación del dato en términos de su comportamiento reciente y tendencia, así como algún elemento que considere importante para explicar dicho comportamiento.
B19: Interpretación
B20: El ingreso per cápita, en términos generales, ha permanecido básicamente sin crecimiento en términos reales (a crecido a un ritmo semejante al nivel de precios). En algunos años el crecimiento real se ve explicado por la disminución en el tamaño promedio de los hogares.

Sheet Ficha_ingreso per cápita
B2: FICHA TÉCNICA DE INDICADOR
B4: Nombre del indicador | C4: =+'[1]Ingreso per cápita'!B1 -> Ingreso percápita
B5: Definición conceptual | C5: El promedio del ingreso per cápita del hogar es una media de los ingresos per cápita de todos los hogares. Se obtiene al dividir el total de ingreso del hogar o de alguna fuente
B6: Fórmula de cálculo
B7: Unidad de medida | C7: Datos absolutos (colones)
B8: Datos requeridos
B9: Tipo de fuente de datos | C9: Encuesta Nacional de Hogares
B10: Persona responsable de la fuente de datos | C10: Eddy Madrigal Meléndez
B11: Observaciones y comentarios
B12: Contacto de la persona responsable de reportar el indicador
B13: Nombre | C13: Marlene Sandoval
B14: Puesto | C14: Coordinadora del Centro de Información
B15: Institución | C15: Instituto Nacional de Estadística y Censos
B16: Teléfono | C16: 22809280
B17: Correo electrónico | C17: marlene.sandoval@inec.go.cr

Sheet Indice de precios al consumidor
A1: 42 | B1: =+[3]Indice!B31 -> Indice de precios al consumidor | K1: ficha técnica
B3: Año | C3: IPC (Variación anual)
B5: 2011 | C5: 4.7357473
B6: 2012 | C6: 4.5505362
B7: 2013 | C7: 3.6795351
B8: 2014 | C8: 5.1271919
B9: 2015 | C9: -0.80758352
B10: 2016 | C10: 0.7651911
B11: Fuente: INEC, Índice de precios al consumidor
B14: Por favor incluya, en el recuadro de abajo una pequeña interpretación del dato en términos de su comportamiento reciente y tendencia, así como algún elemento que considere importante para explicar dicho comportamiento.
B17: Interpretación
B18: Las tasas de variaciones más altas del índice se registraron entre el 2011 y el 2014, con porcentajes que rondaron entre 3,68% y 5,13%. Sin embargo, en los últimos dos años las variación fueron menores, registrando incluso una disminución en el 2015, con una variación de -0,81%.

Sheet Ficha_indice de precios al cons
B2: FICHA TÉCNICA DE INDICADOR
B4: Nombre del indicador | C4: =+'[3]Indice de precios al consumidor'!B1 -> Indice de precios al consumidor
B5: Definición conceptual | C5: El índice de precios al consumidor (IPC) es un instrumento estadístico que permite medir la evolución, a través del tiempo, de los precios de un conjunto de bienes y servicios representativo del consumo final de los hogares, relacionando siempre el precio del mes actual con respecto al mes anterior. El periodo base del IPC vigente es junio de 2015 = 100.
B6: Fórmula de cálculo | C6: La fórmula general de cálculo del índice es tipo Laspeyres y corresponde al cálculo del índice utilizando relativos de corto plazo, esto es, comparando los precios de cada artículo con los precios de ese mismo artículo del mes anterior y no con respecto a los precios del mes base.
B7: Unidad de medida | C7: No aplica.
B8: Datos requeridos | C8: Precios de los bienes y servicios.
B9: Tipo de fuente de datos | C9: Encuesta nacional de ingresos y gastos de los hogares (octubre 2012 – octubre 2013).
B10: Persona responsable de la fuente de datos | C10: Nelson Castillo Mendoza
B11: Observaciones y comentarios
B12: Contacto de la persona responsable de reportar el indicador
B13: Nombre | C13: Marlene Sandoval
B14: Puesto | C14: Coordinadora del Centro de Información
B15: Institución | C15: Instituto Nacional de Estadística y Censos
B16: Teléfono | C16: 22809280
B17: Correo electrónico | C17: marlene.sandoval@inec.go.cr

Sheet TMI
A1: 20 | B1: =+Indice!B35 -> Tasa de mortalidad infantil | K1: ficha técnica
B3: Año | C3: TMI | E3: Año | F3: Región de Planificación | M3: Año | N3: TMI | Q3: Año | R3: Grupos de causas
F4: Central | G4: Chorotega | H4: Pacífico Central | I4: Brunca | J4: Huetar Caribe | K4: Huetar Norte | N4: Neonatal | O4: Posneonatal | R4: Infecciosas y parasitarias | S4: Enfermedades del sistema circulatorio | T4: Enfermedades del sistema respiratorio | U4: Malformaciones congénitas, deformidades y anomalías cromosómicas | V4: Ciertas afecciones originadas en el período perinatal | W4: Otras causas
B5: 2010 | C5: 9.4610981 | E5: 2010 | F5: 9.2079689 | G5: 9.1813313 | H5: 8.708634 | I5: 12.833676 | J5: 10.530275 | K5: 7.0540189 | M5: 2010 | N5: 6.8243986 | O5: 2.6366995 | Q5: 2010 | R5: 1.7883756 | S5: 2.0864382 | T5: 5.8122206 | U5: 35.320417 | V5: 49.329359 | W5: 5.6631893
B6: 2011 | C6: 9.0662819 | E6: 2011 | F6: 8.9126135 | G6: 8.7439045 | H6: 9.1012514 | I6: 8.6069493 | J6: 10.535449 | K6: 8.9547857 | M6: 2011 | N6: 6.7384527 | O6: 2.3278291 | Q6: 2011 | R6: 1.2012012 | S6: 1.6516517 | T6: 4.2042042 | U6: 36.336336 | V6: 48.798799 | W6: 7.6576577
B7: 2012 | C7: 8.5099419 | E7: 2012 | F7: 8.2557104 | G7: 9.9059772 | H7: 7.9022989 | I7: 9.5238095 | J7: 8.4203036 | K7: 8.4045584 | M7: 2012 | N7: 6.3415432 | O7: 2.1683987 | Q7: 2012 | R7: 1.6025641 | S7: 1.6025641 | T7: 4.3269231 | U7: 37.179487 | V7: 48.397436 | W7: 6.7307692
B8: 2013 | C8: 8.6605245 | E8: 2013 | F8: 8.9203628 | G8: 7.5385694 | H8: 8.4745763 | I8: 7.8613543 | J8: 10.226713 | K8: 6.9547203 | M8: 2013 | N8: 6.4493267 | O8: 2.2111977 | Q8: 2013 | R8: 2.2913257 | S8: 1.309329 | T8: 5.5646481 | U8: 33.060556 | V8: 50.900164 | W8: 6.8739771
B9: 2014 | C9: 8.1066399 | E9: 2014 | F9: 8.2329811 | G9: 5.8538217 | H9: 9.2989986 | I9: 9.2204526 | J9: 8.6185361 | K9: 7.0412416 | M9: 2014 | N9: 6.2540916 | O9: 1.8525483 | Q9: 2014 | R9: 1.8900344 | S9: 2.4054983 | T9: 4.9828179 | U9: 37.972509 | V9: 46.907216 | W9: 5.8419244
B10: 2015 | C10: 7.741684 | E10: 2015 | F10: 7.4124646 | G10: 6.9858579 | H10: 7.6646707 | I10: 7.3490814 | J10: 10.595047 | K10: 7.3582456 | M10: 2015 | N10: 5.8758824 | O10: 1.8658015 | Q10: 2015 | R10: 1.0791367 | S10: 2.8776978 | T10: 5.3956835 | U10: 33.093525 | V10: 51.618705 | W10: 5.5755396
B11: 2016 | C11: 7.9281184 | E11: 2016 | F11: 7.3160954 | G11: 8.4643289 | H11: 9.1720975 | I11: 7.2582109 | J11: 10.653318 | K11: 7.7282006 | M11: 2016 | N11: 6.156791 | O11: 1.7713274 | Q11: 2016 | R11: 2.3423423 | S11: 1.6216216 | T11: 7.027027 | U11: 34.774775 | V11: 48.648649 | W11: 5.4054054
B12: Fuente: INEC, Estadísticas Vitales
B14: Por favor incluya, en el recuadro de abajo una pequeña interpretación del dato en términos de su comportamiento reciente y tendencia, así como algún elemento que considere importante para explicar dicho comportamiento.
B17: Interpretación
B18: El país ha experimentado una baja sostenida de la mortalidad infantil, disminuyendo en una muerte infantil menos por cada mil nacimientos en los últimos siete años. Al analizar este indicador por regiones, llama la atención que este patrón de descenso no se manifiesta a excepción de la Región Central, que si bien presentó un leve repunte en 2013, en el resto del periodo su tendencia es a la baja, el resto de regiones presentan un comportamiento errático. Por ejemplo la región Huetar Caribe en el 2012 presenta una de las tasas más bajas , pero en el 2013 se posiciona como la región con el mayor nivel de mortalidad infantil. La mayor proporción de la mortalidad infantil ocurre en los primeros 28 días de vida, es decir, en el periodo neonatal, esta mortalidad se asocia más a factores endógenos poco evitables. Al analizar la mortalidad por grupos de causas de defunción se evidencia que el mayor peso lo tienen las afecciones originadas en el periodo perinatal, dentro de las cuales la prematuridad extrema tiene el mayor peso, seguido de las defunciones por malformaciones congénitas

Sheet Ficha_TMI
B2: FICHA TÉCNICA DE INDICADOR
B4: Nombre del indicador | C4: =+TMI!B1 -> Tasa de mortalidad infantil
B5: Definición conceptual | C5: Se refiere a la relación entre las muertes de menores de un año de edad ocurridas en un lugar y periodo determinado en relación a los nacimientos ocurridos en este mismo periodo y lugar. La TMIneonatal comprende a las defunciones de niños y niños ocurridas en los primeros 28 días completos posteriores al nacimiento y la TMIposneonatal a las ocurridas después de los 28 días hasta antes de cumplir el año de edad.
B6: Fórmula de cálculo
B7: Unidad de medida | C7: Tasa
B8: Datos requeridos | C8: Muertes de menores de un año y nacimientos
B9: Tipo de fuente de datos | C9: Estadísticas Vitales
B10: Persona responsable de la fuente de datos | C10: Olga Martha Araya Umaña
B11: Observaciones y comentarios
B12: Contacto de la persona responsable de reportar el indicador
B13: Nombre | C13: Marlene Sandoval
B14: Puesto | C14: Coordinadora del Centro de Información
B15: Institución | C15: Instituto Nacional de Estadística y Censos
B16: Teléfono | C16: 22809280
B17: Correo electrónico | C17: marlene.sandoval@inec.go.cr

Sheet RMM
A1: 22 | B1: =+Indice!B36 -> Razón de mortalidad materna | K1: ficha técnica
B3: Año | C3: RMM | E3: Año | F3: Región de Planificación | M3: Año | N3: Tipo de causas
F4: Central | G4: Chorotega | H4: Pacífico Central | I4: Brunca | J4: Huetar Caribe | K4: Huetar Norte | N4: Directas | O4: Indirectas | P4: sin determinar
B5: 2010 | C5: 2.2559995 | E5: 2010 | F5: 1.7006803 | G5: 1.5302219 | H5: 1.7111567 | I5: 2.5072082 | J5: 7.4252831 | K5: 0.14099997 | M5: 2010 | N5: 1.2689997 | O5: 0.9869998 | P5: 0
B6: 2011 | C6: 2.3142161 | E6: 2011 | F6: 2.6213569 | G6: 0 | H6: 1.5938795 | I6: 0 | J6: 8.9766607 | K6: 0.13613036 | M6: 2011 | N6: 1.905825 | O6: 0.40839108 | P6: 0.13613036
B7: 2012 | C7: 3.0003 | E7: 2012 | F7: 3.610369 | G7: 2.9044438 | H7: 0 | I7: 1.1373976 | J7: 3.4904014 | K7: 0.27275455 | M7: 2012 | N7: 2.3184137 | O7: 0.68188637 | P7: 0
B8: 2013 | C8: 1.9844082 | E8: 2013 | F8: 0.99391229 | G8: 3.0197796 | H8: 1.7866714 | I8: 1.1848341 | J8: 10.87942 | K8: 0 | M8: 2013 | N8: 0.85046067 | O8: 0.99220411 | P8: 0.14174344
B9: 2014 | C9: 2.9250763 | E9: 2014 | F9: 3.4406488 | G9: 5.0175615 | H9: 0 | I9: 0 | J9: 2.8739761 | K9: 0.27857869 | M9: 2014 | N9: 1.8107615 | O9: 1.1143148 | P9: 0
B10: 2015 | C10: 2.7847784 | E10: 2015 | F10: 2.9259729 | G10: 1.7038678 | H10: 3.4995626 | I10: 2.4639645 | J10: 2.8855865 | K10: 0.13923892 | M10: 2015 | N10: 1.9493449 | O10: 0.6961946 | P10: 0.13923892
B11: 2016 | C11: 2.8569796 | E11: 2016 | F11: 4.0088194 | G11: 1.7274141 | H11: 0 | I11: 2.5670646 | J11: 0 | K11: 0.14284898 | M11: 2016 | N11: 1.2856408 | O11: 1.4284898 | P11: 0.14284898
B12: Fuente: INEC, Estadísticas Vitales
B14: Por favor incluya, en el recuadro de abajo una pequeña interpretación del dato en términos de su comportamiento reciente y tendencia, así como algún elemento que considere importante para explicar dicho comportamiento.
B17: Interpretación
B18: La razón de mortalidad materna se ha mantenido, en los últimos 7 años en aproximadamente 3 defunciones de mujeres durante el embarazo, parto o posparto por cada diez mil nacimientos. Al analizar el comportamiento de este indicador a nivel regional no se observa ningún patrón, dado que este indicador tiene un comportamiento irregular. Al analizar estas defunciones por tipo de causa de muerte llama la atención la predominancia de las causas obstétricas directas, es decir aquellas que se derivan directamente de la condición obstétrica y su atención, a excepción de los años 2013 y 2016, en cuyos años se dio una predominancia de las causas obstétricas indirectas, que son aquellas que resultan de enfermedades de la madre preexistentes al embarazo, que son agravados por esta condición obstétrica.

Sheet Ficha_RMM
B2: FICHA TÉCNICA DE INDICADOR
B4: Nombre del indicador | C4: =+RMM!B1 -> Razón de mortalidad materna
B5: Definición conceptual | C5: Se refiere a la relación entre las muertes de mujeres que ocurrieron durante el embarazado, parto o los 42 días postparto en un lugar y periodo determinado en relación a los nacimientos ocurridos en este mismo periodo y lugar. Las defunciones maternas se clasifican en: Defunciones obstétricas directas que son las que resultan de complicaciones del estado de embarazo, parto o post parto, intervenciones, de omisiones, de tratamiento incorrecto o de una cadena de acontecimientos originada en cualquiera de las circunstancias mencionadas. Defuncines obstétricas indirectas que resultan de una enfermedad existente desde antes del embarazo o de una enfermedad que evoluciona durante el mismo que es agravada por los efectos físicos del embarazo.
B6: Fórmula de cálculo
B7: Unidad de medida | C7: Razón
B8: Datos requeridos | C8: Muertes maternas y nacimientos
B9: Tipo de fuente de datos | C9: Estadísticas Vitales
B10: Persona responsable de la fuente de datos | C10: Olga Martha Araya Umaña
B11: Observaciones y comentarios
B12: Contacto de la persona responsable de reportar el indicador
B13: Nombre | C13: Marlene Sandoval
B14: Puesto | C14: Coordinadora del Centro de Información
B15: Institución | C15: Instituto Nacional de Estadística y Censos
B16: Teléfono | C16: 22809280
B17: Correo electrónico | C17: marlene.sandoval@inec.go.cr

Sheet TMN
A1: 23 | B1: =+Indice!B37 -> Tasa de mortalidad en la niñez | K1: ficha técnica
B3: Año | C3: TMN | E3: Año | F3: Región de Planificación | M3: Año | N3: Grupos de causas
F4: Central | G4: Chorotega | H4: Pacífico Central | I4: Brunca | J4: Huetar Caribe | K4: Huetar Norte | N4: Infecciosas y parasitarias | O4: Enfermedades del sistema nervioso y de los órganos de los sentidos | P4: Enfermedades del sistema circulatorio | Q4: Enfermedades del sistema respiratorio | R4: Malformaciones congénitas, deformidades y anomalías cromosómicas | S4: Ciertas afecciones originadas en el período perinatal | T4: Causas externas de morbilidad y mortalidad | U4: Otras causas
B5: 2010 | C5: 11.167198 | E5: 2010 | F5: 10.738581 | G5: 11.323642 | H5: 11.196815 | I5: 15.913758 | J5: 11.909239 | K5: 7.9821793 | M5: 2010 | N5: 2.6515152 | O5: 2.5252525 | P5: 2.5252525 | Q5: 6.4393939 | R5: 33.080808 | S5: 41.792929 | T5: 6.0606061 | U5: 4.9242424
B6: 2011 | C6: 10.427585 | E6: 2011 | F6: 9.9849868 | G6: 10.929881 | H6: 10.238908 | I6: 10.519605 | J6: 12.022806 | K6: 10.863183 | M6: 2011 | N6: 1.6971279 | O6: 2.7415144 | P6: 1.6971279 | Q6: 4.9608355 | R6: 34.073107 | S6: 42.558747 | T6: 6.3968668 | U6: 5.8746736
B7: 2012 | C7: 9.9009901 | E7: 2012 | F7: 9.6757889 | G7: 10.409671 | H7: 9.0996169 | I7: 10.976594 | J7: 10.080645 | K7: 10.11396 | M7: 2012 | N7: 2.2038567 | O7: 2.6170799 | P7: 1.9283747 | Q7: 4.5454545 | R7: 35.812672 | S7: 41.597796 | T7: 3.4435262 | U7: 7.8512397
B8: 2013 | C8: 9.8795181 | E8: 2013 | F8: 9.9142751 | G8: 8.4151473 | H8: 9.9273608 | I8: 10.184027 | J8: 12.198127 | K8: 7.842557 | M8: 2013 | N8: 2.2955524 | O8: 3.0129125 | P8: 2.1520803 | Q8: 6.169297 | R8: 31.850789 | S8: 44.619799 | T8: 4.4476327 | U8: 5.4519369
B9: 2014 | C9: 9.4577466 | E9: 2014 | F9: 9.36348 | G9: 7.0245861 | H9: 11.444921 | I9: 11.735122 | J9: 9.9925056 | K9: 8.3345308 | M9: 2014 | N9: 2.9455081 | O9: 2.6509573 | P9: 2.6509573 | Q9: 6.185567 | R9: 34.904271 | S9: 40.206186 | T9: 5.5964654 | U9: 4.8600884
B10: 2015 | C10: 8.8834431 | E10: 2015 | F10: 8.2902565 | G10: 8.1785653 | H10: 9.5808383 | I10: 9.623797 | J10: 11.82703 | K10: 8.5124802 | M10: 2015 | N10: 1.4106583 | O10: 3.6050157 | P10: 2.6645768 | Q10: 6.8965517 | R10: 31.347962 | S10: 44.984326 | T10: 4.7021944 | U10: 4.3887147
B11: 2016 | C11: 9.3423233 | E11: 2016 | F11: 8.669072 | G11: 9.3280359 | H11: 9.8962105 | I11: 9.7985846 | J11: 12.065203 | K11: 9.4779819 | M11: 2016 | N11: 3.2110092 | O11: 2.1406728 | P11: 1.529052 | Q11: 8.5626911 | R11: 31.804281 | S11: 41.284404 | T11: 5.5045872 | U11: 5.9633028
B12: Fuente: INEC, Estadísticas Vitales
B14: Por favor incluya, en el recuadro de abajo una pequeña interpretación del dato en términos de su comportamiento reciente y tendencia, así como algún elemento que considere importante para explicar dicho comportamiento.
B17: Interpretación
B18: La mortalidad de los menores de 5 años ha venido experimentando un descenso en el país, a excepción del año 2016, en el que se experimenta un leve aumento, que puede ser explicado por un aumento en la contribución de los mayores de un año, dado que la mortalidad de menores de un año si disminuyó para el 2016. Al comparar el inicio y fin del periodo se observa una disminución dos muertes infantiles por cada mil nacimientos. Este indicador a nivel regional presenta la misma tendencia de la mortalidad infantil, es decir no presenta la tendencia a la disminución observada en el indicador nacional. Al analizar por grupo de causas de defunción, se observa que la mayor contribución a estas defunciones lo hacen los grupos de causas asociadas al periodo perinatal y malformaciones congénitas, esto por el peso de las defunciones de menores de un año, que representan cerca del 85% de las muertes en la niñez o de menores de 5 años. Si destaca la mayor participación de las causas externas en estas defunciones y el aumento de las infecciosas y parasitarias.

Sheet Ficha_TMN
B2: FICHA TÉCNICA DE INDICADOR
B4: Nombre del indicador | C4: =+TMN!B1 -> Tasa de mortalidad en la niñez
B5: Definición conceptual | C5: Se refiere a la relación entre las muertes de niños y niñas menores de 5 años en un lugar y periodo determinado en relación a los nacimientos ocurridos en este mismo periodo y lugar.
B6: Fórmula de cálculo
B7: Unidad de medida | C7: Razón
B8: Datos requeridos | C8: Muertes de menores de 5 años y nacimientos
B9: Tipo de fuente de datos | C9: Estadísticas Vitales
B10: Persona responsable de la fuente de datos | C10: Olga Martha Araya Umaña
B11: Observaciones y comentarios
B12: Contacto de la persona responsable de reportar el indicador
B13: Nombre | C13: Marlene Sandoval
B14: Puesto | C14: Coordinadora del Centro de Información
B15: Institución | C15: Instituto Nacional de Estadística y Censos
B16: Teléfono | C16: 22809280
B17: Correo electrónico | C17: marlene.sandoval@inec.go.cr

Sheet MEF que usan anticonceptivos
A1: 25 | B1: =+[4]Indice!B38 -> Porcentaje de mujeres en edad fértil que usan anticonceptivos modernos o cuyas parejas lo usan | K1: ficha técnica
B3: Año | C3: Porcentaje | E3: Año | F3: Región de Planificación
F4: Central | G4: Chorotega | H4: Pacífico Central | I4: Brunca | J4: Huetar Caribe | K4: Huetar Norte
B5: 2010 | C5: 59.121061 | D5: =(C10-C5)/C5*100 -> 2.2693137 | E5: 2010 | F5: 59.431525 | G5: 43.478261 | H5: 54.411765 | I5: 56.179775 | J5: 58.558559 | K5: 68.644068
B6: 2011 | E6: 2011
B7: 2012 | E7: 2012
B8: 2013 | E8: 2013
B9: 2014 | E9: 2014
B10: 2015 | C10: 60.462704 | E10: 2015 | F10: 58.397724 | G10: 65.20823 | H10: 59.260715 | I10: 60.180543 | J10: 71.713246 | K10: 62.14057
B11: 2016 | E11: 2016
B12: Fuente: INEC, Estadísticas Vitales
B14: Por favor incluya, en el recuadro de abajo una pequeña interpretación del dato en términos de su comportamiento reciente y tendencia, así como algún elemento que considere importante para explicar dicho comportamiento.
B17: Interpretación
B18: Al analizar los datos de las dos encuestas de salud sexual y reproductiva, se observa que el uso de anticonceptivos denominados modernos (orales, inyectables, diu, esterilización, métodos de barrera y anticoncepción de emergencia) en la población en edad fértil experimentó una disminución: No obstante, este dato debe analizarse con cautela dado que puede estar afectado por los diseños muestrales de ambas encuestas. Los datos a nivel de región presentan algunas inconsistencias por lo que se recomienda tomar únicamente el dato nacional.

Sheet Ficha_MEF que usan anticoncepti
B2: FICHA TÉCNICA DE INDICADOR
B4: Nombre del indicador | C4: =+'[4]MEF que usan anticonceptivos'!B1 -> Porcentaje de mujeres en edad fértil que usan anticonceptivos modernos o cuyas parejas lo usan
B5: Definición conceptual | C5: Se refire a la proporción de mujeres en edad fértil que usan anticonceptivos o los usan sus parejas del total de mujeres en este rango de edad. Se entiende por edad fértil el rango de edad entre los 15 y 49 años de edad. Metodos anticonceptivos modernos: son los orales, DIU, inyectables, Norplant, anticoncepción de emergencia, esterilización femenina y masculina y métodos de barrera .
B6: Fórmula de cálculo
B7: Unidad de medida | C7: Porcentaje de mujeres en edad fértil que usan anticonceptivos o cuyas parejas lo usan
B8: Datos requeridos | C8: Población femenina en edad fértil que usa anticonceptivos y población femenina por edad
B9: Tipo de fuente de datos | C9: Encuesta de Salud Sexual y Salud Reproductiva
B10: Persona responsable de la fuente de datos | C10: Edda Quirós, Ministerio de Salud
B11: Observaciones y comentarios
B12: Contacto de la persona responsable del cálculo del indicador
B13: Nombre | C13: Karla Jinesta Campos
B14: Puesto | C14: Analista
B15: Institución | C15: Instituto Nacional de Estadística y Censos
B16: Teléfono | C16: 22809280
B17: Correo electrónico | C17: kvjinesta@inec.go.cr

Sheet D carga de la enfermedad
A1: 26 | B1: =+Indice!B39 -> Distribución porcentual de las defunciones por carga de la enfermedad | K1: ficha técnica
G3: Año | H3: Región de Planificación
B4: Año | C4: Distribución porcentual de defunciones | H4: Central | K4: Chorotega | N4: Pacífico Central | Q4: Brunca | T4: Huetar Caribe | W4: Huetar Norte
C5: Transmisibles | D5: No transmisibles | E5: Causas Externas | H5: Transmisibles | I5: No transmisibles | J5: Causas Externas | K5: Transmisibles | L5: No transmisibles | M5: Causas Externas | N5: Transmisibles | O5: No transmisibles | P5: Causas Externas | Q5: Transmisibles | R5: No transmisibles | S5: Causas Externas | T5: Transmisibles | U5: No transmisibles | V5: Causas Externas | W5: Transmisibles | X5: No transmisibles | Y5: Causas Externas
B6: 2010 | C6: 7.0874397 | D6: 80.200252 | E6: 12.712309 | G6: 2010 | H6: 6.92 | I6: 82.016 | J6: 11.064 | K6: 6.2206573 | L6: 79.107981 | M6: 14.671362 | N6: 6.6725198 | O6: 77.348551 | P6: 15.978929 | Q6: 7.9858657 | R6: 77.031802 | S6: 14.982332 | T6: 8.6035738 | U6: 72.799471 | V6: 18.596956 | W6: 7.6827757 | X6: 77.819083 | Y6: 14.498141
B7: 2011 | C7: 6.809235 | D7: 80.311735 | E7: 12.87903 | G7: 2011 | H7: 6.7864915 | I7: 82.340614 | J7: 10.872894 | K7: 6.5217391 | L7: 79.6875 | M7: 13.790761 | N7: 6.3653137 | O7: 76.845018 | P7: 16.789668 | Q7: 6.4710309 | R7: 77.878104 | S7: 15.650865 | T7: 8.1063123 | U7: 71.561462 | V7: 20.332226 | W7: 6.4935065 | X7: 76.223776 | Y7: 17.282717
B8: 2012 | C8: 6.76253 | D8: 80.848182 | E8: 12.389288 | G8: 2012 | H8: 6.6795119 | I8: 82.923892 | J8: 10.396596 | K8: 6.8965517 | L8: 81.417625 | M8: 11.685824 | N8: 7.486631 | O8: 76.827094 | P8: 15.686275 | Q8: 6.7335244 | R8: 78.438395 | S8: 14.82808 | T8: 6.2817259 | U8: 72.525381 | V8: 21.192893 | W8: 7.5139147 | X8: 75.510204 | Y8: 16.975881
B9: 2013 | C9: 7.2490328 | D9: 80.553859 | E9: 12.197109 | G9: 2013 | H9: 7.2975701 | I9: 82.175297 | J9: 10.527133 | K9: 5.4499366 | L9: 81.558935 | M9: 12.991128 | N9: 7.6382792 | O9: 76.646181 | P9: 15.71554 | Q9: 6.8620443 | R9: 79.342387 | S9: 13.795568 | T9: 8.3441138 | U9: 72.056921 | V9: 19.598965 | W9: 7.8110808 | X9: 77.656676 | Y9: 14.532243
B10: 2014 | C10: 7.0341003 | D10: 80.828915 | E10: 12.136985 | G10: 2014 | H10: 6.6024348 | I10: 83.157816 | J10: 10.239749 | K10: 6.1346039 | L10: 80.821918 | M10: 15.549413 | N10: 8.9299461 | O10: 76.828329 | P10: 15.71554 | Q10: 8.29302 | R10: 76.157567 | S10: 13.795568 | T10: 8.5917313 | U10: 72.222222 | V10: 19.598965 | W10: 7.5313808 | X10: 75.899582 | Y10: 14.532243
B11: 2015 | C11: 7.6111243 | D11: 79.196577 | E11: 13.192299 | G11: 2015 | H11: 7.4715162 | I11: 81.266433 | J11: 11.262051 | K11: 6.6891512 | L11: 78.976953 | M11: 14.333895 | N11: 8.306962 | O11: 70.066788 | P11: 15.427215 | Q11: 7.6975477 | R11: 76.839237 | S11: 15.463215 | T11: 8.9253188 | U11: 70.066788 | V11: 21.007893 | W11: 7.9324895 | X11: 74.345992 | Y11: 17.721519
B12: 2016 | C12: 7.7038807 | D12: 77.866277 | E12: 14.429842 | G12: 2016 | H12: 7.1531051 | I12: 80.966045 | J12: 11.88085 | K12: 8.611691 | L12: 75.417537 | M12: 15.970772 | N12: 9.3075205 | O12: 74.311243 | P12: 16.381236 | Q12: 7.388535 | R12: 72.866242 | S12: 19.745223 | T12: 9.688196 | U12: 68.819599 | V12: 21.492205 | W12: 8.526552 | X12: 69.035153 | Y12: 22.438295
B13: Fuente: INEC, Estadísticas Vitales | E13: =+(E12-E6)/E6*100 -> 13.51079
B15: Por favor incluya, en el recuadro de abajo una pequeña interpretación del dato en términos de su comportamiento reciente y tendencia, así como algún elemento que considere importante para explicar dicho comportamiento.
B18: Interpretación
B19: Al analizar el comportamiento de las mortalidad por los tres grupos de carga de la enfermedad se observa a nivel general que el mayor peso de la mortalidad se concentra en las enfermedades no transmisibles, dentro de las cuales se encuentran las crónicas degenerativas como las neoplasias y las enfermedades cardiovasculares, respiratorias crónicas, desordenes del sistema nervioso enfermedades musculo esqueléticas, enfermedades genitourinarias y síntomas de senilidad, lo cual es típico de un país que se encuentra en una etapa de transición demográfica avanzada o en un proceso de envejecimiento. No obstante, llama la atención el aumento del aporte de las defunciones por causas externa, que han aumentado aproximadamente en un 14% del inicio al final del periodo. Las enfermedades transmisibles dentro de las cuales se encuentran las infecciosas y parasitarias y las infecciones respiratorias agudas se han mantenido cerca del 7% del total de defunciones. Al analizar esta distribución de las defunciones a nivel regional llama la atención que si bien en todas las regiones se repite el patrón nacional de la distribución de estos tres grupos de causas, en las regiones Huetar Norte, Huetar Caribe y Brunca el peso de las causas externas ha aumentado y representa el doble del peso de este grupo en el indicador nacional y en la Región Central. Igualmente llama la atención el aumento en las enfermedades transmibles en las regiones Pacífico Central y Chorotega.

Sheet Ficha_D carga de la enfermedad
B2: FICHA TÉCNICA DE INDICADOR
B4: Nombre del indicador | C4: =+'D carga de la enfermedad'!B1 -> Distribución porcentual de las defunciones por carga de la enfermedad
B5: Definición conceptual | C5: Se refire a la proporción que representan los siguiente grupos de causas de defunción del total de defunciones: Transmisibles, afecciones maternas y perinatales: son las causas debidas a enfermedades infecciosas o aquellas que pueden ser transmitidas por un vector, asi mismo incluye afecciones relacionadas con el estado de embarazo parto o postparto y las relacionadas con el periodo perinatal (de las 22 semanas de gestación hasta los siete días completos despúes del nacimiento. No transimisibles: causas de debidas a enfermedades crónicas y degenerativas como las neoplasias, desórdenes endocrinos, enfermedades cardiovasculares, respiratorias crónicas, enfermedades de la piel y subcutáneas, desórdenes del sistema nervioso, enfermedades músculo-esqueléticas, anomalías congénitas, enfermedades genitourinarias, enfermedades y sintomas de la senilidad. Causas externas: causas debidas a accidentes, lesiones autoinfligidas o agresiones y las de intención no determinada.
B6: Fórmula de cálculo
B7: Unidad de medida | C7: porcentaje
B8: Datos requeridos | C8: total de defunciones y defunciones por causa
B9: Tipo de fuente de datos | C9: Estadísticas Vitales
B10: Observaciones y comentarios
B11: Contacto de la persona responsable de reportar el indicador
B12: Nombre | C12: Karla Jinesta Campos
B13: Puesto | C13: Analista
B14: Institución | C14: Instituto Nacional de Estadística y Censos
B15: Teléfono | C15: 22809280
B16: Correo electrónico | C16: kvjinesta@inec.go.cr

Sheet Principales causas de muerte
A1: 27 | B1: =+Indice!B40 -> Principales diez causas de defunción | E1: ficha técnica
B3: 2010 | C3: 2011 | D3: 2012 | E3: 2013 | F3: 2014 | G3: 2015 | H3: 2016
B4: I219 - Infarto agudo del miocardio, sin otra especificación | C4: I219 - Infarto agudo del miocardio, sin otra especificación | D4: I219 - Infarto agudo del miocardio, sin otra especificación | E4: I219 - Infarto agudo del miocardio, sin otra especificación | F4: I219 - Infarto agudo del miocardio, sin otra especificación | G4: I219 - Infarto agudo del miocardio, sin otra especificación | H4: I219 - Infarto agudo del miocardio, sin otra especificación
B5: C169 - Tumor maligno del estómago, parte no especificada | C5: C169 - Tumor maligno del estómago, parte no especificada | D5: C169 - Tumor maligno del estómago, parte no especificada | E5: C169 - Tumor maligno del estómago, parte no especificada | F5: C169 - Tumor maligno del estómago, parte no especificada | G5: C169 - Tumor maligno del estómago, parte no especificada | H5: C169 - Tumor maligno del estómago, parte no especificada
B6: I259 - Enfermedad isquémica crónica del corazón, no especificada | C6: V892 - Persona lesionada en accidente de tránsito, de vehículo de motor no especificado | D6: V892 - Persona lesionada en accidente de tránsito, de vehículo de motor no especificado | E6: V892 - Persona lesionada en accidente de tránsito, de vehículo de motor no especificado | F6: I251 - Enfermedad aterosclerótica del corazón | G6: V892 - Persona lesionada en accidente de tránsito, de vehículo de motor no especificado | H6: I251 - Enfermedad aterosclerótica del corazón
B7: J440 - Enfermedad pulmonar obstructiva crónica con infección aguda de las vías respiratorias inferiores | C7: C610 - Tumor maligno de la próstata | D7: I259 - Enfermedad isquémica crónica del corazón, no especificada | E7: I251 - Enfermedad aterosclerótica del corazón | F7: I259 - Enfermedad isquémica crónica del corazón, no especificada | G7: I251 - Enfermedad aterosclerótica del corazón | H7: J180 - Bronconeumonía, no especificada
B8: C610 - Tumor maligno de la próstata | C8: I259 - Enfermedad isquémica crónica del corazón, no especificada | D8: J440 - Enfermedad pulmonar obstructiva crónica con infección aguda de las vías respiratorias inferiores | E8: C610 - Tumor maligno de la próstata | F8: V892 - Persona lesionada en accidente de tránsito, de vehículo de motor no especificado | G8: J180 - Bronconeumonía, no especificada | H8: V892 - Persona lesionada en accidente de tránsito, de vehículo de motor no especificado
B9: V892 - Persona lesionada en accidente de tránsito, de vehículo de motor no especificado | C9: J440 - Enfermedad pulmonar obstructiva crónica con infección aguda de las vías respiratorias inferiores | D9: C610 - Tumor maligno de la próstata | E9: I259 - Enfermedad isquémica crónica del corazón, no especificada | F9: J180 - Bronconeumonía, no especificada | G9: I259 - Enfermedad isquémica crónica del corazón, no especificada | H9: I259 - Enfermedad isquémica crónica del corazón, no especificada
B10: J180 - Bronconeumonía, no especificada | C10: I251 - Enfermedad aterosclerótica del corazón | D10: I640 - Accidente vascular encefálico agudo, no especificado como hemorrágico o isquémico | E10: J180 - Bronconeumonía, no especificada | F10: C610 - Tumor maligno de la próstata | G10: C610 - Tumor maligno de la próstata | H10: J440 - Enfermedad pulmonar obstructiva crónica con infección aguda de las vías respiratorias inferiores
B11: I640 - Accidente vascular encefálico agudo, no especificado como hemorrágico o isquémico | C11: J449 - Enfermedad pulmonar obstructiva crónica, no especificada | D11: J180 - Bronconeumonía, no especificada | E11: J440 - Enfermedad pulmonar obstructiva crónica con infección aguda de las vías respiratorias inferiores | F11: J440 - Enfermedad pulmonar obstructiva crónica con infección aguda de las vías respiratorias inferiores | G11: J440 - Enfermedad pulmonar obstructiva crónica con infección aguda de las vías respiratorias inferiores | H11: C610 - Tumor maligno de la próstata
B12: J449 - Enfermedad pulmonar obstructiva crónica, no especificada | C12: J180 - Bronconeumonía, no especificada | D12: J449 - Enfermedad pulmonar obstructiva crónica, no especificada | E12: C509 - Tumor maligno de la mama, parte no especificada | F12: I640 - Accidente vascular encefálico agudo, no especificado como hemorrágico o isquémico | G12: C189 - Tumor maligno del colon, parte no especificada | H12: C189 - Tumor maligno del colon, parte no especificada
B13: C509 - Tumor maligno de la mama, parte no especificada | C13: C349 - Tumor maligno de los bronquios o del pulmón, parte no especificada | D13: I251 - Enfermedad aterosclerótica del corazón | E13: J449 - Enfermedad pulmonar obstructiva crónica, no especificada | F13: I200 - Angina inestable | G13: C509 - Tumor maligno de la mama, parte no especificada | H13: R990 - Otras causas mal definidas y las no especificadas de mortalidad
B14: Fuente: INEC, Estadísticas Vitales
B17: Por favor incluya, en el recuadro de abajo una pequeña interpretación del dato en términos de su comportamiento reciente y tendencia, así como algún elemento que considere importante para explicar dicho comportamiento.
B20: Interpretación
B21: Al analizar las diez primeras causas de muerte durante el periodo 2010-2016, se evidencia que el infarto agudo del miocardio sin especificación y el tumor maligno de estomago, de parte no especificada, siguen siendo las principales causas de defunción en el país, llama la atención que apartir del 2011 como tercera causa se posiciona la persona lesionada por accidente de tránsito, con alternancia en algunos años con las enfermedades escleróticas del corazón, así como las isquémicas del corazón. Este aumento en las muertes por accidentes de tránsito llama la atención dado que son muertes altamente prevenibles, así como las afecciones cardiacas obstructivas e isquémicas que se asocian a estilos de vida sedentarios y de malos hábitos de alimentación.

Sheet Ficha_principales causas de mue
B2: FICHA TÉCNICA DE INDICADOR
B4: Nombre del indicador | C4: =+'Principales causas de muerte'!B1 -> Principales diez causas de defunción
B5: Definición conceptual | C5: Se refire a las diez causas de defunción más frecuentes en la población.
B6: Fórmula de cálculo | C6: no aplica
B7: Unidad de medida | C7: Nominal
B8: Datos requeridos | C8: defunciones por causa
B9: Tipo de fuente de datos | C9: Estadísticas Vitales
B10: Observaciones y comentarios
B11: Contacto de la persona responsable de reportar el indicador
B12: Nombre | C12: Karla Jinesta Campos
B13: Puesto | C13: Analista
B14: Institución | C14: Instituto Nacional de Estadística y Censos
B15: Teléfono | C15: 22809280
B16: Correo electrónico | C16: kvjinesta@inec.go.cr

Sheet Tasa homicidios
A1: 54 | B1: =+Indice!B41 -> Tasa de mortalidad por homicidios | K1: ficha técnica
B3: Año | C3: Tasa | E3: Año | F3: Región de Planificación
F4: Central | G4: Chorotega | H4: Pacífico Central | I4: Brunca | J4: Huetar Caribe | K4: Huetar Norte
B5: 2010 | C5: 10.476645 | E5: 2010 | F5: 10.241088 | G5: 7.7091629 | H5: 10.513405 | I5: 10.150047 | J5: 18.962575 | K5: 5.4686646
B6: 2011 | C6: 9.450917 | E6: 2011 | F6: 8.001656 | G6: 5.5441754 | H6: 12.244304 | I6: 9.4952826 | J6: 24.550077 | K6: 5.3558995
B7: 2012 | C7: 7.7593509 | E7: 2012 | F7: 7.5295328 | G7: 3.1573811 | H7: 7.8937279 | I7: 4.2811396 | J7: 19.668702 | K7: 3.5891773
B8: 2013 | C8: 8.1898275 | E8: 2013 | F8: 7.4421096 | G8: 5.9296238 | H8: 6.2787623 | I8: 3.9629072 | J8: 21.536983 | K8: 6.4911004
B9: 2014 | C9: 9.4487483 | E9: 2014 | F9: 9.1384952 | G9: 6.1133357 | H9: 8.7139009 | I9: 7.3012173 | J9: 21.022978 | K9: 4.5068929
B10: 2015 | C10: 10.905945 | E10: 2015 | F10: 10.964235 | G10: 7.6598585 | H10: 6.7844059 | I10: 8.6401275 | J10: 21.913486 | K10: 6.2413694
B11: 2016 | C11: 10.674035 | E11: 2016 | F11: 9.8292602 | G11: 10.501515 | H11: 11.239665 | I11: 6.0917697 | J11: 24.145071 | K11: 6.1193737
B12: Fuente: INEC, Estadísticas Vitales
B14: Por favor incluya, en el recuadro de abajo una pequeña interpretación del dato en términos de su comportamiento reciente y tendencia, así como algún elemento que considere importante para explicar dicho comportamiento.
B17: Interpretación
B18: La tasa de mortalidad por homicidios ha aumentado en los últimos 5 años, con una leve disminución en el año 2016, no obstante al inicio del periodo (2010) presentaba un nivel similar al 2016. Al analizar el comportamiento de este indicador a nivel regional se observa que no existe un patrón en el comportamiento, no obstante, se evidencia un aumento significativo en las regiones Chorotega y Huetar Caribe.

Sheet Ficha_tasa homicidios
B2: FICHA TÉCNICA DE INDICADOR
B4: Nombre del indicador | C4: =+'Tasa homicidios'!B1 -> Tasa de mortalidad por homicidios
B5: Definición conceptual | C5: Se refire a las defunciones ocurridas debidas a homicidios en un lugar y momento determinado en relación a la población total
B6: Fórmula de cálculo
B7: Unidad de medida | C7: Tasa (por cien mil habitantes)
B8: Datos requeridos | C8: defunciones por causa y población total
B9: Tipo de fuente de datos | C9: Estadísticas Vitales y Estimaciones y Proyecciones de Población
B10: Observaciones y comentarios
B11: Contacto de la persona responsable de reportar el indicador
B12: Nombre | C12: Karla Jinesta Campos
B13: Puesto | C13: Analista
B14: Institución | C14: Instituto Nacional de Estadística y Censos
B15: Teléfono | C15: 22809280
B16: Correo electrónico | C16: kvjinesta@inec.go.cr

Sheet Escolaridad promedio
A1: 31 | B1: =+Indice!B44 -> Escolaridad promedio de la población | O1: ficha técnica
B3: Año | C3: Promedio de años de estudio | E3: Año | F3: sexo | I3: Año | J3: Región de Planificación | Q3: Año | R3: Indígenas | T3: Afrodescendientes | V3: Otros | Y3: Año | Z3: Población con alguna discapacidad | AB3: Población sin discapacidad
F4: Hombres | G4: Mujeres | J4: Central | K4: Chorotega | L4: Pacífico Central | M4: Brunca | N4: Huetar Caribe | O4: Huetar Norte | R4: Hombres | S4: Mujeres | T4: Hombres | U4: Mujeres | V4: Hombres | W4: Mujeres | Z4: Hombres | AA4: Mujeres | AB4: Hombres | AC4: Mujeres
B5: 2010 | E5: 2010 | I5: 2010 | Q5: 2010 | Y5: 2010
B6: 2011 | C6: 8.5 | E6: 2011 | F6: 8.5 | G6: 8.6 | I6: 2011 | J6: 8.6 | K6: 8 | L6: 7.6 | M6: 6.9 | N6: 7 | O6: 6.5 | Q6: 2011 | R6: 6.7 | S6: 6.8 | T6: 8 | U6: 8.6 | V6: 9.2 | W6: 9.1 | Y6: 2011 | Z6: 6.7 | AA6: 6.6 | AB6: 8.8 | AC6: 9
B7: 2012 | E7: 2012 | I7: 2012 | Q7: 2012 | Y7: 2012
B8: 2013 | E8: 2013 | I8: 2013 | Q8: 2013 | Y8: 2013
B9: 2014 | E9: 2014 | I9: 2014 | Q9: 2014 | Y9: 2014
B10: 2015 | E10: 2015 | I10: 2015 | Q10: 2015 | Y10: 2015
B11: 2016 | E11: 2016 | I11: 2016 | Q11: 2016 | Y11: 2016
B12: Fuente: INEC, X Censo de Población, 2011 | Q12: Nota: afrodescendientes incluye mulatos
B14: Por favor incluya, en el recuadro de abajo una pequeña interpretación del dato en términos de su comportamiento reciente y tendencia, así como algún elemento que considere importante para explicar dicho comportamiento.
B17: Interpretación
B18: La población de 25 años y más al 2011 presentaba en promedio 8 años de educación regular, es decir, alcanzaba el octavo año, de secundaria, siendo la población femenina la que presenta en promedio una mayor escolaridad. Al analizar el comportamiento de este indicador a nivel regional se evidencian brechas significativas, dado que la población de las regiones Región Huetar Norte, Brunca y Huetar Caribe presentan dos años menos de educación que la población de la Región Central. Al analizar este indicador por autoidentificación étnico-racial se evidencia que la población indígena presenta dos años menos de educación que la población afrodescendiente y de otros grupos, lo cual es consistente con las brechas identificadas en las regiones, dado que la población indígena se concentra mayoritariamente en las Regiones Brunca y Huetar Caribe. Al analizar este indicador por condición de discapacidad se evidencia una importante brecha, dado que esta población alcanza dos años menos de educación que la población sin discapacidad, esto puede estar asociado a las barreras que esta población enfrenta para accesar a la educación regular.

Sheet Ficha_escolaridad promedio
B2: FICHA TÉCNICA DE INDICADOR
B4: Nombre del indicador | C4: =+'Escolaridad promedio'!B1 -> Escolaridad promedio de la población
B5: Definición conceptual | C5: Corresponde al promedio de años de educación que a alcanzado la población de 25 años y más de un lugar determinado. Se toma como referencia este grupo etareo por que se parte del supuesto de que la mayoría de las personas deberían finalizando su procesos educativo a esa edad.
B6: Fórmula de cálculo
B7: Unidad de medida | C7: Promedio
B8: Datos requeridos | C8: último año aprobado de la población de 25 años y más y el total de población de 25 años y más.
B9: Tipo de fuente de datos | C9: Censo de Población
B10: Persona encargada de la fuente de datos | C10: Olga Martha Araya Umaña
B11: Observaciones y comentarios
B12: Contacto de la persona responsable de reportar el indicador
B13: Nombre | C13: Marlene Sandoval
B14: Puesto | C14: Coordinadora del Centro de Información
B15: Institución | C15: Instituto Nacional de Estadística y Censos
B16: Teléfono | C16: 22809280
B17: Correo electrónico | C17: marlene.sandoval@inec.go.cr

Sheet porcentaje de alfabetismo
A1: 32 | B1: =+Indice!B45 -> Porcentaje de alfabetismo | O1: ficha técnica
B3: Año | C3: Porcentaje | E3: Año | F3: sexo | I3: Año | J3: Región de Planificación | Q3: Año | R3: Indígenas | T3: Afrodescendientes | V3: Otros | Y3: Año | Z3: Población con alguna discapacidad | AB3: Población sin discapacidad
F4: Hombres | G4: Mujeres | J4: Central | K4: Chorotega | L4: Pacífico Central | M4: Brunca | N4: Huetar Caribe | O4: Huetar Norte | R4: Hombres | S4: Mujeres | T4: Hombres | U4: Mujeres | V4: Hombres | W4: Mujeres | Z4: Hombres | AA4: Mujeres | AB4: Hombres | AC4: Mujeres
B5: 2010 | E5: 2010 | I5: 2010 | Q5: 2010 | Y5: 2010
B6: 2011 | C6: 97.6 | E6: 2011 | F6: 97.5 | G6: 97.7 | I6: 2011 | J6: 98.4 | K6: 97 | L6: 96.8 | M6: 96.2 | N6: 96.3 | O6: 94.8 | Q6: 2011 | R6: 93.6 | S6: 91.1 | T6: 97 | U6: 97.3 | V6: 97.7 | W6: 97.9 | Y6: 2011 | Z6: 91.2 | AA6: 92 | AB6: 98.4 | AC6: 98.5
B7: 2012 | E7: 2012 | I7: 2012 | Q7: 2012 | Y7: 2012
B8: 2013 | E8: 2013 | I8: 2013 | Q8: 2013 | Y8: 2013
B9: 2014 | E9: 2014 | I9: 2014 | Q9: 2014 | Y9: 2014
B10: 2015 | E10: 2015 | I10: 2015 | Q10: 2015 | Y10: 2015
B11: 2016 | E11: 2016 | I11: 2016 | Q11: 2016 | Y11: 2016
B12: Fuente: INEC, X Censo de Población, 2011
B14: Por favor incluya, en el recuadro de abajo una pequeña interpretación del dato en términos de su comportamiento reciente y tendencia, así como algún elemento que considere importante para explicar dicho comportamiento.
B17: Interpretación
B18: El país muestra altos niveles de alfabetismo, al analizar este indicador por sexo se refleja que la población femenina presenta niveles más altos de alfabetización que los hombres, siendo un patrón que se repite en las diferentes poblaciones como la población y con discapacidad, no así para la población indígena. No obstante, las brechas entre las mujeres indígenas y afrodescendientes con respecto a los otros grupos pudiese sugerir que la condición étnico-racial es un determinante en el acceso a la educación. Lo mismo sucede con la condición con discapacidad. Al analizar este indicador a nivel subnacional, se evidencia como las zonas fronterizas como Huetar Norte y la Pacífico Central presentan niveles más bajos de escolaridad, con una diferencia de aproximadamente 4 y 2 puntos porcentuales con relación a la Región Central que es la que tiene el porcentaje más alto.

Sheet Ficha_porcentaje de alfabetismo
B2: FICHA TÉCNICA DE INDICADOR
B4: Nombre del indicador | C4: =+'porcentaje de alfabetismo'!B1 -> Porcentaje de alfabetismo
B5: Definición conceptual | C5: Corresponde a la relación de la población con sabe leer y escribir en relación al total de la población.
B6: Fórmula de cálculo
B7: Unidad de medida | C7: Porcentaje
B8: Datos requeridos | C8: población de 10 años y más por su condición de saber leer y escribir y total de población de ese mismo rango de edad
B9: Tipo de fuente de datos | C9: Censo de Población
B10: Persona encargada de la fuente de datos | C10: Olga Martha Araya Umaña
B11: Observaciones y comentarios
B12: Contacto de la persona responsable de reportar el indicador
B13: Nombre | C13: Marlene Sandoval
B14: Puesto | C14: Coordinadora del Centro de Información
B15: Institución | C15: Instituto Nacional de Estadística y Censos
B16: Teléfono | C16: 22809280
B17: Correo electrónico | C17: marlene.sandoval@inec.go.cr
